 Dungeon Crawl Stone Soup version 0.31-a0-841-g038b102 (webtiles) character file.

Game seed: 14633112205793736744

1842187 steven32 the Metallomancer (level 27, 261/261 HPs)
             Began as a Purple Draconian Earth Elementalist on Sept 26, 2023.
             Was a High Priest of Sif Muna.
             Escaped with the Orb
             ... and 4 runes on Sept 27, 2023!
             The game lasted 03:07:49 (109174 turns).

steven32 the Metallomancer (DrEE)                 Turns: 109174, Time: 03:07:50

Health: 261/261    AC: 22    Str: 11    XL:     27
Magic:  50/50      EV: 23    Int: 37    God:    Sif Muna [*****.]
Gold:   3337       SH: 19    Dex: 17    Spells: 20/73 levels left

rFire   + + .        c - staff "Bilev" {rElec rPois Str-3 Int+6 Poison}
rCold   + . .        U - +5 kite shield {reflect}
rNeg    . . .        (body armour unavailable)
rPois   +            L - +2 hat {SInv}
rElec   +            W - +2 cloak {rF+}
rCorr   .            E - +0 pair of gloves
SInv    +            Z - +2 pair of boots {Stlth+}
Will    ++++.        Y - amulet of Biobeh {RegenMP rF+ rC+}
Stlth   +            F - +5 ring of evasion
HPRegen 0.63/turn    K - +6 ring of intelligence
MPRegen 0.72/turn

%: reflection
@: studying Ranged Weapons
A: breathe power, AC +13, unfitting armour, cold-blooded, horns 1, talons 1,
agile 1, strong 1, teleportitis 2, subdued magic 1, MP-powered wands, devolution
1
0: Orb of Zot
}: 4/15 runes: decaying, serpentine, slimy, silver
a: Breathe Dispelling Energy, Renounce Religion, Channel Magic, Forget Spell,
Divine Exegesis


You escaped.
You worshipped Sif Muna.
Sif Muna was extremely pleased with you.
You visited 12 branches of the dungeon, and saw 56 of its levels.
You visited the Abyss 2 times.
You also visited: Bailey and Volcano.

You collected 8610 gold pieces.
You spent 5273 gold pieces at shops.

Inventory:

Hand Weapons
 q - the +7 falchion of the Equinox {elec, rN++ Dex-2 SInv}
   (You found it on level 2 of the Swamp)

   Dex-2:     It affects your dexterity (-2).
   rN++:      It greatly protects you from negative energy.
   SInv:      It lets you see invisible.
Missiles
 w - 4 throwing nets
 G - 3 curare-tipped darts
Armour
 E - a +0 pair of gloves (worn)
 L - a +2 hat of see invisible (worn)
 U - a +5 kite shield of reflection (worn)
 W - a +2 cloak of fire resistance (worn)
 Z - a +2 pair of boots of stealth (worn)
Magical Staves
 c - the staff "Bilev" (weapon) {rElec rPois Str-3 Int+6 Poison}
   (You found it on level 1 of the Vaults)

   [staff of poison]

   Base accuracy: +5 Base damage: 5 Base attack delay: 1.2 This weapon's minimum
   attack delay (0.6) is reached at skill level 12.
   Str-3:     It affects your strength (-3).
   Int+6:     It affects your intelligence (+6).
   rElec:     It insulates you from electricity.
   rPois:     It protects you from poison Poison: It increases the power of your
   Poison spells.
   It falls into the 'Staves' category.
   It is a one-handed weapon.
Jewellery
 g - a ring of protection from cold
 n - a ring of flight
 s - a ring of protection from fire
 F - a +5 ring of evasion (left hand)
 H - the ring of the Tortoise {AC+8}
   (You found it on level 3 of the Crypt)

   [ring of protection]

   AC+8:      It affects your AC (+8).
 K - a +6 ring of intelligence (right hand)
 O - a ring of resist corrosion
 V - a +4 ring of protection
 Y - the amulet of Biobeh (around neck) {RegenMP rF+ rC+}
   (You found it on level 5 of the Lair of Beasts)

   [amulet of magic regeneration]

   RegenMP:   It increases your rate of magic regeneration.
   rF+:       It protects you from fire.
   rC+:       It protects you from cold.
Wands
 o - a wand of digging (15)
 I - a wand of roots (72)
 J - a wand of mindburst (32)
 P - a wand of light (31)
 Q - a wand of polymorph (46)
 R - a wand of paralysis (48)
Scrolls
 d - 8 scrolls of summoning
 f - 7 scrolls of enchant armour
 h - 14 scrolls of fog
 r - 5 scrolls of immolation
 u - 14 scrolls of teleportation
 v - 11 scrolls of revelation
 x - 9 scrolls of blinking
 y - 8 scrolls of vulnerability
 B - 5 scrolls of torment
 C - 12 scrolls of fear
 S - 2 scrolls of silence
 T - 9 scrolls of poison
Potions
 a - 8 potions of magic
 b - 8 potions of cancellation
 e - 7 potions of heal wounds
 i - 6 potions of attraction
 j - 9 potions of lignification
 m - 7 potions of haste
 t - 28 potions of curing
 z - 5 potions of invisibility
 A - 4 potions of berserk rage
 D - 7 potions of enlightenment
 M - 7 potions of brilliance
 N - 4 potions of ambrosia
 X - 2 potions of resistance
Miscellaneous
 l - a phial of floods
 p - a phantom mirror


   Skills:
 - Level 24.0 Fighting
 - Level 12.0 Dodging
 - Level 1.7 Stealth
 - Level 16.0 Shields
 + Level 23.5 Spellcasting
 - Level 20.0 Conjurations
 - Level 14.0 Necromancy
 - Level 8.0 Translocations
 - Level 1.0 Transmutations
 - Level 25.9 Earth Magic
 - Level 16.0 Invocations


You had 20 spell levels left.
You knew the following spells:

 Your Spells              Type           Power      Damage    Failure   Level
b - Blink                 Tloc           100%       N/A       1%          2
c - Borgnjor's Vile Clut  Necr/Erth      49%        N/A       0%          5
e - Dispel Undead         Necr           85%        3d27      0%          4
f - Lehudib's Crystal Sp  Conj/Erth      52%        10d12     1%          8
g - Bombard               Conj/Erth      52%        9d9       0%          6
h - Stone Arrow           Conj/Erth      100%       3d13      0%          3
i - Irradiate             Conj/Tmut      37%        3d24      1%          5
m - Iskenderun's Mystic   Conj/Tloc      85%        2d17      0%          4
r - Lee's Rapid Deconstr  Erth           55%        3d26*     0%          5
s - Shatter               Erth           55%        3d41*     1%          9
z - Sublimation of Blood  Necr           85%        N/A       0%          2

Your spell library contained the following spells:

 Spells                   Type           Power      Damage    Failure   Level
 Foxfire                  Conj/Fire      100%       2x1d9     0%          1
 Kiss of Death            Conj/Necr      100%       2d13      0%          1
 Magic Dart               Conj           100%       1d8       0%          1
 Necrotise                Necr           100%       1d9       0%          1
 Sandblast                Erth           100%       2d20      0%          1
 Shock                    Conj/Air       100%       1d9       0%          1
 Momentum Strike          Conj/Tloc      100%       3d10      0%          2
 Passwall                 Tmut/Erth      69%        N/A       0%          2
 Searing Ray              Conj           100%       2d8       0%          2
 Static Discharge         Conj/Air       100%       2-7/arc   0%          2
 Vampiric Draining        Necr           85%        2d12      0%          3
 Animate Dead             Necr           85%        N/A       0%          4
 Brom's Barrelling Bould  Conj/Erth      100%       2d11      0%          4
 Iskenderun's Battlesphe  Conj           99%        2d15      0%          5
 Apportation              Tloc           100%       N/A       1%          1
 Slow                     Hex            100%       N/A       1%          1
 Summon Small Mammal      Summ           100%       N/A       1%          1
 Call Imp                 Summ           66%        N/A       1%          2
 Cigotuvi's Dreadful Rot  Necr/Pois/Air  100%       N/A       1%          2
 Ensorcelled Hibernation  Hex/Ice        66%        N/A       1%          2
 Jinxbite                 Hex            66%        N/A       1%          2
 Lesser Beckoning         Tloc           100%       N/A       1%          2
 Poisonous Vapours        Pois/Air       100%       N/A       1%          2
 Scorch                   Fire           66%        2d7       1%          2
 Wereblood                Tmut           39%        N/A       1%          2
 Dazzling Flash           Conj/Hex       100%       N/A       1%          3
 Gell's Gravitas          Tloc           68%        N/A       1%          3
 Hailstorm                Conj/Ice       74%        3d15      1%          3
 Ignite Poison            Fire/Tmut/Pois 52%        N/A       1%          3
 Mephitic Cloud           Conj/Pois/Air  82%        N/A       1%          3
 Teleport Other           Tloc           68%        N/A       1%          3
 Volatile Blastmotes      Fire/Tloc      100%       2d18      1%          3
 Anguish                  Hex/Necr       32%        N/A       1%          4
 Dimensional Bullseye     Hex/Tloc       27%        N/A       1%          4
 Flame Wave               Conj/Fire      74%        2d16      1%          4
 Fulminant Prism          Conj/Hex       37%        3d18      1%          4
 Leda's Liquefaction      Hex/Erth       41%        N/A       1%          4
 Manifold Assault         Tloc           68%        N/A       1%          4
 Passage of Golubria      Tloc           68%        N/A       1%          4
 Petrify                  Tmut/Erth      83%        N/A       1%          4
 Sticky Flame             Conj/Fire      74%        2d9       1%          4
 Vhi's Electric Charge    Tloc/Air       100%       N/A       1%          4
 Agony                    Necr           85%        N/A       1%          5
 Arcjolt                  Conj/Air       37%        1d47      1%          5
 Fireball                 Conj/Fire      37%        3d15      1%          5
 Freezing Cloud           Conj/Ice/Air   32%        6-21      1%          5
 Conjure Ball Lightning   Conj/Air       37%        3x3d12    1%          6
 Death Channel            Necr           42%        N/A       1%          6
 Starburst                Conj/Fire      37%        6d11      1%          6
 Orb of Destruction       Conj           49%        9d13      1%          7
 Call Canine Familiar     Summ           33%        N/A       2%          3
 Confusing Touch          Hex            33%        N/A       2%          3
 Frozen Ramparts          Ice            66%        1d10      2%          3
 Inner Flame              Hex/Fire       33%        N/A       2%          3
 Ozocubu's Armour         Ice            33%        N/A       2%          3
 Sigil of Binding         Hex            33%        N/A       2%          3
 Summon Guardian Golem    Hex/Summ       33%        N/A       2%          3
 Swiftness                Air            33%        N/A       2%          3
 Tukima's Dance           Hex            33%        N/A       2%          3
 Summon Forest            Summ/Tloc      27%        N/A       4%          5
 Dispersal                Tloc           34%        N/A       4%          6
 Simulacrum               Ice/Necr       32%        N/A       7%          6
 Airstrike                Air            16%        2d(3-19)  9%          4
 Cause Fear               Hex            16%        N/A       9%          4
 Olgreb's Toxic Radiance  Pois           50%        N/A       9%          4
 Summon Ice Beast         Ice/Summ       33%        N/A       9%          4
 Summon Lightning Spire   Summ/Air       33%        N/A       9%          4
 Spellforged Servitor     Conj/Summ      37%        N/A       12%         7
 Borgnjor's Revivificati  Necr           42%        N/A       19%         8
 Infestation              Necr           42%        N/A       19%         8
 Yara's Violent Unravell  Hex/Tmut       18%        3d9       21%         5
 Metabolic Englaciation   Hex/Ice        16%        N/A       24%         5
 Silence                  Hex/Air        16%        N/A       24%         5
 Summon Mana Viper        Hex/Summ       33%        N/A       24%         5
 Haunt                    Necr/Summ      32%        N/A       41%         7
 Eringya's Noxious Bog    Tmut/Pois      26%        4d6       75%         6
 Plasma Beam              Fire/Air       16%        2x1d28    82%         6
 Summon Cactus Giant      Summ           16%        N/A       82%         6
 Malign Gateway           Summ/Tloc      27%        N/A       83%         7
 Disjunction              Tloc           34%        N/A       93%         8
 Death's Door             Necr           42%        N/A       97%         9
 Monstrous Menagerie      Summ           16%        N/A       100%        7
 Summon Hydra             Summ           16%        N/A       100%        7
 Discord                  Hex            16%        N/A       100%        8
 Ignition                 Fire           16%        3d7       100%        8
 Maxwell's Capacitive Co  Air            16%        ∞         100%        8
 Summon Horrible Things   Summ           16%        N/A       100%        8
 Chain Lightning          Conj/Air       37%        3d49      100%        9
 Dragon's Call            Summ           16%        N/A       100%        9
 Fire Storm               Conj/Fire      37%        8d9       100%        9
 Polar Vortex             Ice            16%        12d2*     100%        9


Dungeon Overview and Level Annotations

Branches:
Dungeon (15/15)            Temple (1/1) D:4            Lair (5/5) D:10
  Swamp (4/4) Lair:2        Snake (4/4) Lair:3        Slime (5/5) Lair:4
    Orc (2/2) D:12            Elf (3/3) Orc:2        Vaults (5/5) D:13
  Crypt (3/3) Vaults:2       Tomb (0/3) Crypt:3      Depths (4/4) D:15
    Zot (5/5) Depths:4     Bailey (visited)         Volcano (visited)

Altars:
Ashenzari
Cheibriados
Dithmenos
Elyvilon
Fedhas
Gozag
Hepliaklqana
Kikubaaqudgha
Makhleb
Nemelex Xobeh
Okawaru
Qazlal
Ru
Sif Muna
Trog
Uskayaw
Vehumet
Wu Jian
Xom
Yredelemnul
Zin
The Shining One
Jiyva

Shops:
D:1 [!?(   D:6 ?   D:9 !   D:12 *   D:15 **[=   Orc:2 *?[(   Elf:1 :   Elf:2 ?:
Snake:2 =[   Snake:4 =*   Vaults:2 !   Vaults:3 [[   Vaults:4 (   Depths:4 (

Portals:
Hell: Depths:1 Depths:2 Depths:3 Depths:4
Abyss: Crypt:2 Depths:2 Depths:3 Depths:4
Pandemonium: Depths:1 Depths:2
Ziggurat: Depths:2
Trove: Vaults:2 (give 9 potions of haste)

Annotations:
D:12 4 transporters


Innate Abilities, Weirdness & Mutations

You can breathe bolts of dispelling energy.
Your rich purple scales are hard. (AC +13)
You cannot fit into any form of body armour.
You are cold-blooded and may be slowed by cold attacks.
You have a pair of small horns on your head.
You have sharp toenails.
You are agile. (Dex +4, Str/Int -1)
Your muscles are strong. (Str +4, Int/Dex -1)
You are often teleported next to monsters.
Your spells are a little easier to cast, but a little less powerful.
You expend magic power (3 MP) to strengthen your wands.
You have hidden genetic defects.


Message History

Casting: Shatter (dangerous; 4% risk of failure)
Confirm with . or Enter, or press ? or * to list all spells.
The dungeon rumbles!
Ka-crash!
You hear a deafening roar!
You hear a shout!
You now have 21/54 mp.
Casting: Shatter (dangerous; 4% risk of failure)
Confirm with . or Enter, or press ? or * to list all spells.
You miscast Shatter.
You are very lightly contaminated with residual magic.
You feel a surge of energy from the ground.
You now have 12/54 mp.
You start resting.
You start resting.
Your magical contamination has completely faded away.
You regained 27 mp, and now have 39/54 mp.
You start resting.
Magic restored.
MP restored: 54
Casting: Shatter (dangerous; 4% risk of failure)
Confirm with . or Enter, or press ? or * to list all spells.
The dungeon rumbles!
Ka-crash!
You hear a shout!
You hear a roar!
You hear a shout!
You now have 45/54 mp.
Casting: Shatter (dangerous; 4% risk of failure)
Confirm with . or Enter, or press ? or * to list all spells.
The dungeon rumbles!
Ka-crash!
You hear a roar!
You hear a shout!
You now have 37/54 mp.
Casting: Shatter (dangerous; 4% risk of failure)
Confirm with . or Enter, or press ? or * to list all spells.
The dungeon rumbles!
Ka-crash!
You hear a roar! x2
You now have 29/54 mp.
Casting: Shatter (dangerous; 4% risk of failure)
Confirm with . or Enter, or press ? or * to list all spells.
The dungeon rumbles!
Ka-crash!
You hear a shout!
You now have 21/54 mp.
Casting: Shatter (dangerous; 4% risk of failure)
Confirm with . or Enter, or press ? or * to list all spells.
The dungeon rumbles!
Ka-crash!
You hear a roar!
You now have 12/54 mp.
Casting: Shatter (dangerous; 4% risk of failure)
Confirm with . or Enter, or press ? or * to list all spells.
The dungeon rumbles!
You now have 4/54 mp.
You start resting.
You start resting.
Magic restored.
MP restored: 54 You start waiting.
Casting: Shatter (dangerous; 4% risk of failure)
Confirm with . or Enter, or press ? or * to list all spells.
The dungeon rumbles!
Ka-crash!
You hear a shout!
You hear a roar! x3
You hear a shout! x2
You now have 45/54 mp.
Casting: Shatter (dangerous; 4% risk of failure)
Confirm with . or Enter, or press ? or * to list all spells.
The dungeon rumbles!
Ka-crash!
You hear a roar!
You hear a deafening roar!
You now have 37/54 mp.
Casting: Shatter (dangerous; 4% risk of failure)
Confirm with . or Enter, or press ? or * to list all spells.
The dungeon rumbles!
You hear a roar! x2
You now have 29/54 mp.
Casting: Shatter (dangerous; 4% risk of failure)
Confirm with . or Enter, or press ? or * to list all spells.
The dungeon rumbles!
You hear a deafening roar!
You now have 21/54 mp.
Casting: Shatter (dangerous; 4% risk of failure)
Confirm with . or Enter, or press ? or * to list all spells.
The dungeon rumbles!
You hear a roar!
You now have 12/54 mp.
Casting: Shatter (dangerous; 4% risk of failure)
Confirm with . or Enter, or press ? or * to list all spells.
The dungeon rumbles!
You hear a roar!
You now have 4/54 mp.
You start resting.
You start resting.
A moth of wrath comes into view.
You regained 35 mp, and now have 39/54 mp.
Casting: Shatter (dangerous; 4% risk of failure)
Confirm with . or Enter, or press ? or * to list all spells.
The dungeon rumbles!
The moth of wrath's fur bristles in rage as it notices you.
The moth of wrath is heavily wounded.
You hear a roar! x3; You hear a shout!
You hear a chilling moan.
You hear a shout!
You now have 31/54 mp.
Casting: Shatter (dangerous; 4% risk of failure)
Confirm with . or Enter, or press ? or * to list all spells.
The dungeon rumbles!
The moth of wrath is almost dead.
Ka-crash!
You hear a deafening roar!
You hear a roar!
You now have 22/54 mp.
Casting: Shatter (dangerous; 4% risk of failure)
Confirm with . or Enter, or press ? or * to list all spells.
The dungeon rumbles!
You kill the moth of wrath!
Sif Muna accepts your kill.
You hear a shout! x2; You hear a roar!
You now have 14/54 mp.
Casting: Shatter (dangerous; 4% risk of failure)
Confirm with . or Enter, or press ? or * to list all spells.
The dungeon rumbles!
You now have 6/54 mp.
You start resting.
You start resting.
Magic restored.
MP restored: 54
Casting: Shatter (dangerous; 4% risk of failure)
Confirm with . or Enter, or press ? or * to list all spells.
The dungeon rumbles!
Ka-crash!
You hear a shout!
You hear a deafening roar!
You now have 46/54 mp.
Casting: Shatter (dangerous; 4% risk of failure)
Confirm with . or Enter, or press ? or * to list all spells.
The dungeon rumbles!
Ka-crash!
You hear a roar! x4; You hear a shout!
You now have 37/54 mp.
Casting: Shatter (dangerous; 4% risk of failure)
Confirm with . or Enter, or press ? or * to list all spells.
The dungeon rumbles!
Ka-crash!
You hear a chilling moan.
You hear a shout! x2
You hear a deafening roar!
You now have 29/54 mp.
Casting: Shatter (dangerous; 4% risk of failure)
Confirm with . or Enter, or press ? or * to list all spells.
The dungeon rumbles!
Ka-crash!
You hear a roar!
A red draconian scorcher comes into view.
It is wielding a +0 dagger.
You now have 21/54 mp.
There is a stone staircase leading up here.
Casting: Shatter (dangerous; 4% risk of failure)
Confirm with . or Enter, or press ? or * to list all spells.
You draw magical energy from your own body!
You take 30 damage, and have 231/261 hp.
You regained 26 mp, and now have 50/54 mp.
Casting: Sublimation of Blood (safe; 1% risk of failure)
Confirm with . or Enter, or press ? or * to list all spells.
The dungeon rumbles!
You kill the red draconian scorcher!
Sif Muna accepts your kill.
You hear a roar!
You hear a chilling moan.
You hear a shout!
You now have 41/54 mp.
Casting: Shatter (dangerous; 4% risk of failure)
Confirm with . or Enter, or press ? or * to list all spells.
The dungeon rumbles!
You hear a roar! x2
You now have 33/54 mp.
You start resting.
A dread lich comes into view.
You regained 2 mp, and now have 35/54 mp.
A dread lich is nearby!
Casting: Shatter (dangerous; 4% risk of failure)
Confirm with . or Enter, or press ? or * to list all spells.
The dungeon rumbles!
The dread lich is almost destroyed.
You hear a roar!
You now have 27/54 mp.
Casting: Shatter (dangerous; 4% risk of failure)
Confirm with . or Enter, or press ? or * to list all spells.
The dungeon rumbles!
You destroy the dread lich!
Sif Muna accepts your kill.
You now have 19/54 mp.
Casting: Shatter (dangerous; 4% risk of failure)
Confirm with . or Enter, or press ? or * to list all spells.
You draw magical energy from your own body!
You take 17 damage, and have 218/261 hp.
You regained 13 mp, and now have 32/54 mp.
You start resting.
You start resting.
Magic restored.
You regained 19 hp, and now have 237/261 hp.
MP restored: 54 You start resting.
A black draconian knight comes into view.
It is wielding a +0 battleaxe.
You regained 12 hp, and now have 249/261 hp.
Casting: Sublimation of Blood (safe; 1% risk of failure)
Confirm with . or Enter, or press ? or * to list all spells.
The dungeon rumbles!
The black draconian knight roars!
The black draconian knight is lightly wounded.
Ka-crash!
You hear a roar! x4
You now have 46/54 mp.
Casting: Shatter (dangerous; 4% risk of failure)
Confirm with . or Enter, or press ? or * to list all spells.
The dungeon rumbles!
The black draconian knight is heavily wounded.
You hear a shout!
You now have 37/54 mp.
Casting: Shatter (dangerous; 4% risk of failure)
Confirm with . or Enter, or press ? or * to list all spells.
The dungeon rumbles!
The black draconian knight is severely wounded.
You hear a chilling moan.
The black draconian knight gestures wildly while chanting.
The black draconian knight seems to speed up.
You now have 29/54 mp.
Casting: Shatter (dangerous; 4% risk of failure)
Confirm with . or Enter, or press ? or * to list all spells.
The dungeon rumbles!
The black draconian knight is almost dead.
You hear a shout!
The black draconian knight breathes lightning at you.
The bolt of lightning misses you.
The black draconian knight casts a spell at you.
The bolt of cold misses you.
You now have 21/54 mp.
Casting: Shatter (dangerous; 4% risk of failure)
Confirm with . or Enter, or press ? or * to list all spells.
The dungeon rumbles!
You kill the black draconian knight!
Sif Muna accepts your kill.
You hear a roar!
You now have 12/54 mp.
Casting: Shatter (dangerous; 4% risk of failure)
Confirm with . or Enter, or press ? or * to list all spells.
You draw magical energy from your own body!
You take 1 damage, and have 251/261 hp.
Casting: Sublimation of Blood (safe; 1% risk of failure)
Confirm with . or Enter, or press ? or * to list all spells.
You draw magical energy from your own body!
You take 4 damage, and have 247/261 hp.
You regained 2 mp, and now have 14/54 mp.
Casting: Sublimation of Blood (safe; 1% risk of failure)
Confirm with . or Enter, or press ? or * to list all spells.
You draw magical energy from your own body!
You take 10 damage, and have 237/261 hp.
You regained 8 mp, and now have 22/54 mp.
Casting: Sublimation of Blood (safe; 1% risk of failure)
Confirm with . or Enter, or press ? or * to list all spells.
You draw magical energy from your own body!
You take 1 damage, and have 236/261 hp.
You now have 21/54 mp.
You start resting.
You start resting.
HP restored.
Health restored: 261 You regained 29 mp, and now have 50/54 mp.
You start resting.
Magic restored.
MP restored: 54
Casting: Sublimation of Blood (safe; 1% risk of failure)
Confirm with . or Enter, or press ? or * to list all spells.
Your reserves of magic are already full.
Casting: Sublimation of Blood (safe; 1% risk of failure)
Confirm with . or Enter, or press ? or * to list all spells.
The dungeon rumbles!
Ka-crash!
You hear a roar! x5; You hear a shout!
You hear a chilling moan.
You now have 46/54 mp.
Casting: Shatter (dangerous; 4% risk of failure)
Confirm with . or Enter, or press ? or * to list all spells.
The dungeon rumbles!
You hear a roar! x2
You now have 37/54 mp.
Casting: Shatter (dangerous; 4% risk of failure)
Confirm with . or Enter, or press ? or * to list all spells.
The dungeon rumbles!
You hear a shout!
You now have 29/54 mp.
What are your orders? t - Yell!
Orders for allies: a - Attack new target. r - Retreat! s - Stop attacking. g - Guard the area. f - Follow me.
Anything else - Cancel.
Okay, then.
You start resting.
A purple draconian comes into view. It is wielding a +0 short sword.
A purple draconian is nearby!
Casting: Shatter (dangerous; 4% risk of failure)
Confirm with . or Enter, or press ? or * to list all spells.
The dungeon rumbles!
You kill the purple draconian!
Sif Muna accepts your kill.
You hear a roar!
You hear a shout!
You now have 22/54 mp.
Casting: Shatter (dangerous; 4% risk of failure)
Confirm with . or Enter, or press ? or * to list all spells.
The dungeon rumbles!
Ka-crash!
You hear a roar!
You now have 13/54 mp.
You start resting.
An electric golem comes into view.
You yell at the electric golem!
You hear a roar!
You regained 9 mp, and now have 22/54 mp.
An electric golem is nearby!
Casting: Shatter (dangerous; 4% risk of failure)
Confirm with . or Enter, or press ? or * to list all spells.
The dungeon rumbles!
The electric golem is lightly damaged.
Ka-crash!
You hear a chilling moan.
You hear a shout!
You now have 14/54 mp.
Casting: Shatter (dangerous; 4% risk of failure)
Confirm with . or Enter, or press ? or * to list all spells.
The dungeon rumbles!
The electric golem is moderately damaged.
Ka-crash!
You now have 6/54 mp.
The electric golem blinks!
The electric golem crackles and sizzles.
There is a stone staircase leading up here.
Casting: Shatter (dangerous; 4% risk of failure)
Confirm with . or Enter, or press ? or * to list all spells.
You draw magical energy from your own body!
You take 54 damage, and have 207/261 hp.
MASSIVE DAMAGE!!
MP restored: 54
Casting: Sublimation of Blood (safe; 1% risk of failure)
Confirm with . or Enter, or press ? or * to list all spells.
Aiming: Lehudib's Crystal Spear (mildly dangerous; 1% risk of failure)
Press: ? - help, Shift-Dir - straight line, f - electric golem
Aim: an electric golem (moderately damaged, 65% to hit)
The crystal spear hits the electric golem!!!!
The electric golem is almost destroyed.
The electric golem hurls lightning at you.
The bolt of lightning hits you! You resist.
An orb of fire comes into view.
You take 9 damage, and have 198/261 hp.
You now have 46/54 mp.
Casting: Lehudib's Crystal Spear (mildly dangerous; 1% risk of failure)
Confirm with . or Enter, or press ? or * to list all spells.
Aiming: Lehudib's Crystal Spear (mildly dangerous; 1% risk of failure)
Press: ? - help, Shift-Dir - straight line, f/p - electric golem
Aim: an electric golem (almost destroyed, 65% to hit)
The crystal spear hits the electric golem!!!!
You destroy the electric golem!
Sif Muna accepts your kill.
You now have 39/54 mp.
The orb of fire glows deep purple.
The bolt of fire misses you.
You climb upwards.
There is a stone staircase leading down here.
You regained 2 hp, and now have 200/261 hp.
You regained 2 mp, and now have 41/54 mp.
You start resting.
Magic restored.
You regained 11 hp, and now have 211/261 hp.
MP restored: 54 You start resting.
You start resting.
HP restored.
Health restored: 261 You climb downwards.
The orb of fire glows deep purple.
The fireball explodes!
The fireball engulfs you!! You resist.
The orb of fire glows bright magenta.
The fireball explodes!
The fireball engulfs you!! You resist.
There is a stone staircase leading up here.
You take 45 damage, and have 216/261 hp.
Casting: Lehudib's Crystal Spear (mildly dangerous; 1% risk of failure)
Confirm with . or Enter, or press ? or * to list all spells.
You can't see any susceptible monsters within range! (Use Z to cast anyway.)
Casting: Lehudib's Crystal Spear (mildly dangerous; 1% risk of failure)
Confirm with . or Enter, or press ? or * to list all spells.
Aiming: Lehudib's Crystal Spear (mildly dangerous; 1% risk of failure)
Press: ? - help, Shift-Dir - straight line, f - orb of fire
Aim: an orb of fire (65% to hit)
The crystal spear hits the orb of fire!!!
The orb of fire is heavily damaged.
The orb of fire glows bright magenta.
Strange energies course through your body.
You feel weirdly uncertain.
You now have 46/54 mp.
Casting: Lehudib's Crystal Spear (mildly dangerous; 1% risk of failure)
Confirm with . or Enter, or press ? or * to list all spells.
Aiming: Lehudib's Crystal Spear (mildly dangerous; 1% risk of failure)
Press: ? - help, Shift-Dir - straight line, f/p - orb of fire
Aim: an orb of fire (heavily damaged, 65% to hit)
The crystal spear hits the orb of fire!!!!
You destroy the orb of fire!
Sif Muna accepts your kill.
You now have 39/54 mp.
Casting: Lehudib's Crystal Spear (mildly dangerous; 1% risk of failure)
Confirm with . or Enter, or press ? or * to list all spells.
Okay, then.
Unknown command.
You feel extremely strange.
You feel stupid. The barb on your tail disappears.
A venomous barb forms on the end of your tail.
You feel resistant to heat.
You feel extremely strange.
You feel less energetic.
Your urge to shout disappears.
Your thoughts seem clearer.
You feel agile.
You feel extremely strange.
You no longer feel heat resistant.
The barb on your tail disappears.
You feel agile.
You occasionally lose the ability to read scrolls when taking damage.
You feel even more weirdly uncertain.
You feel extremely strange.
You no longer become unable to read scrolls after taking damage.
Your thinking seems confused.
A pair of horns grows on your head!
Okay, then.
You feel extremely strange.
You feel clumsy.
You regain control of your magic.
Your connection to magic feels subdued.
You feel stronger.
Your toenails lengthen and sharpen.
Unknown command.
Unknown command.
Unknown command.
Search for what [Enter for "cloak", or ? for help]? mutation Unknown command.
You start resting.
Magic restored.
You regained 5 hp, and now have 226/261 hp.
MP restored: 49 An electric golem comes into view.
You regained 5 hp, and now have 231/261 hp.
An electric golem is nearby!
Casting: Lehudib's Crystal Spear (mildly dangerous; 1% risk of failure)
Confirm with . or Enter, or press ? or * to list all spells.
You don't know that spell.
What are your orders? t - Shout!
Orders for allies: a - Attack new target. r - Retreat! s - Stop attacking. g - Guard the area. f - Follow me.
Anything else - Cancel.
Okay, then.
The electric golem hurls lightning at you.
The bolt of lightning misses you.
You hear a roar! x2
Casting: Lehudib's Crystal Spear (mildly dangerous; 1% risk of failure)
Confirm with . or Enter, or press ? or * to list all spells.
Aiming: Lehudib's Crystal Spear (mildly dangerous; 1% risk of failure)
Press: ? - help, Shift-Dir - straight line, f - electric golem
Aim: an electric golem (59% to hit)
The crystal spear misses the electric golem.
You now have 42/49 mp.
Casting: Lehudib's Crystal Spear (mildly dangerous; 1% risk of failure)
Confirm with . or Enter, or press ? or * to list all spells.
Aiming: Lehudib's Crystal Spear (mildly dangerous; 1% risk of failure)
Press: ? - help, Shift-Dir - straight line, f/p - electric golem
Aim: an electric golem (59% to hit)
The crystal spear hits the electric golem!!!
The electric golem is heavily damaged.
The electric golem crackles and sizzles.
The electric golem barely misses you.
The electric golem hits you but does no damage.
The electric golem barely misses you. You block the electric golem's attack.
You now have 35/49 mp.
Casting: Lehudib's Crystal Spear (mildly dangerous; 1% risk of failure)
Confirm with . or Enter, or press ? or * to list all spells.
Aiming: Lehudib's Crystal Spear (mildly dangerous; 1% risk of failure)
Press: ? - help, Shift-Dir - straight line, f/p - electric golem
Aim: an electric golem (heavily damaged, 59% to hit)
The crystal spear misses the electric golem.
The electric golem hurls lightning at you.
The bolt of lightning misses you. The electric golem barely misses you.
You block the electric golem's attack. The electric golem misses you. x2
You now have 27/49 mp.
Casting: Lehudib's Crystal Spear (mildly dangerous; 1% risk of failure)
Confirm with . or Enter, or press ? or * to list all spells.
Aiming: Lehudib's Crystal Spear (mildly dangerous; 1% risk of failure)
Press: ? - help, Shift-Dir - straight line, f/p - electric golem
Aim: an electric golem (moderately damaged, 59% to hit)
The crystal spear misses the electric golem.
The electric golem blinks!
A green draconian monk comes into view.
You now have 20/49 mp.
Casting: Lehudib's Crystal Spear (mildly dangerous; 1% risk of failure)
Confirm with . or Enter, or press ? or * to list all spells.
Aiming: Lehudib's Crystal Spear (mildly dangerous; 1% risk of failure)
Press: ? - help, Shift-Dir - straight line, f/p - electric golem
Aim: an electric golem (moderately damaged, 59% to hit)
The crystal spear hits the electric golem!!!!
The electric golem is almost destroyed.
The electric golem completely misses you.
The electric golem hits you but does no damage.
The electric golem closely misses you. The electric golem misses you.
You now have 13/49 mp.
Casting: Lehudib's Crystal Spear (mildly dangerous; 1% risk of failure)
Confirm with . or Enter, or press ? or * to list all spells.
Aiming: Lehudib's Crystal Spear (mildly dangerous; 1% risk of failure)
Press: ? - help, Shift-Dir - straight line, f/p - electric golem
Aim: an electric golem (almost destroyed, 59% to hit)
The crystal spear misses the electric golem.
You block the electric golem's attack. The electric golem hits you!
The electric golem shocks you. You resist.
The electric golem hits you but does no damage.
The electric golem closely misses you.
The electric golem crackles and sizzles.
The electric golem hurls lightning at you.
The bolt of lightning misses you.
The green draconian monk breathes poison at you.
A green draconian comes into view. It is wielding a +0 scimitar.
You hear a roar!
You take 12 damage, and have 224/261 hp.
You now have 5/49 mp.
You miss the electric golem.
Your headbutt misses the electric golem.
The electric golem is almost destroyed.
The electric golem hits you! The electric golem shocks you. You resist.
The electric golem closely misses you. The electric golem barely misses you.
You block the electric golem's attack. x2
The electric golem completely misses you.
You block the electric golem's attack. The electric golem barely misses you.
You take 14 damage, and have 210/261 hp.
Casting: Lehudib's Crystal Spear (mildly dangerous; 1% risk of failure)
Confirm with . or Enter, or press ? or * to list all spells.
You don't have enough magic to cast this spell.
Unknown command.
Casting: Lehudib's Crystal Spear (mildly dangerous; 1% risk of failure)
Confirm with . or Enter, or press ? or * to list all spells.
You draw magical energy from your own body!
The electric golem hurls lightning at you.
The bolt of lightning hits you! You resist.
You hear a roar!
You take 47 damage, and have 163/261 hp.
You regained 30 mp, and now have 36/49 mp.
Casting: Sublimation of Blood (safe; 0% risk of failure)
Confirm with . or Enter, or press ? or * to list all spells.
Aiming: Lehudib's Crystal Spear (mildly dangerous; 1% risk of failure)
Press: ? - help, Shift-Dir - straight line, f/p - electric golem
Aim: an electric golem (almost destroyed, 59% to hit)
The crystal spear hits the electric golem!!!
You destroy the electric golem!
Sif Muna accepts your kill.
You now have 29/49 mp.
There is a stone staircase leading up here.
Casting: Lehudib's Crystal Spear (mildly dangerous; 1% risk of failure)
Confirm with . or Enter, or press ? or * to list all spells.
Aiming: Lehudib's Crystal Spear (mildly dangerous; 1% risk of failure)
Press: ? - help, Shift-Dir - straight line, f - green draconian monk
Aim: a green draconian monk, wearing a +0 cloak (59% to hit)
The crystal spear hits the green draconian monk!!!!
The green draconian monk is severely wounded.
You now have 23/49 mp.
You climb upwards.
There is a stone staircase leading down here.
You regained 2 hp, and now have 167/261 hp.
You regained 2 mp, and now have 25/49 mp.
You start resting.
Magic restored.
You regained 21 hp, and now have 188/261 hp.
MP restored: 49 You start resting.
You start resting.
HP restored.
Health restored: 261 You climb downwards.
There is a stone staircase leading up here.
Casting: Lehudib's Crystal Spear (mildly dangerous; 1% risk of failure)
Confirm with . or Enter, or press ? or * to list all spells.
Aiming: Lehudib's Crystal Spear (mildly dangerous; 1% risk of failure)
Press: ? - help, Shift-Dir - straight line, f - green draconian monk
Aim: a green draconian monk, wearing a +0 cloak (59% to hit)
The crystal spear hits the green draconian monk!!!!
The green draconian monk is severely wounded.
The green draconian breathes poison at you.
The blast of poison engulfs you.
You are poisoned.
You resist.
You take 4 damage, and have 257/261 hp.
You now have 41/49 mp.
Casting: Lehudib's Crystal Spear (mildly dangerous; 1% risk of failure)
Confirm with . or Enter, or press ? or * to list all spells.
Aiming: Lehudib's Crystal Spear (mildly dangerous; 1% risk of failure)
Press: ? - help, Shift-Dir - straight line, f/p - green draconian monk
Aim: a green draconian monk, wearing a +0 cloak (poison gas, severely wounded, 59% to hit)
The crystal spear hits the green draconian monk!!!
You kill the green draconian monk!
Sif Muna accepts your kill.
You feel sick.
You take 1 damage, and have 256/261 hp.
You now have 34/49 mp.
Casting: Lehudib's Crystal Spear (mildly dangerous; 1% risk of failure)
Confirm with . or Enter, or press ? or * to list all spells.
Aiming: Lehudib's Crystal Spear (mildly dangerous; 1% risk of failure)
Press: ? - help, Shift-Dir - straight line, f - green draconian
Aim: a green draconian, wielding a +0 scimitar (poison gas, 82% to hit)
The crystal spear hits the green draconian!!!!
The green draconian is severely wounded.
You feel sick.
You take 2 damage, and have 254/261 hp.
You now have 27/49 mp.
Casting: Lehudib's Crystal Spear (mildly dangerous; 1% risk of failure)
Confirm with . or Enter, or press ? or * to list all spells.
Aiming: Lehudib's Crystal Spear (mildly dangerous; 1% risk of failure)
Press: ? - help, Shift-Dir - straight line, f/p - green draconian
Aim: a green draconian, wielding a +0 scimitar (poison gas, severely wounded, 82% to hit)
The crystal spear hits the green draconian!!!
You kill the green draconian!
Sif Muna accepts your kill.
You feel sick.
You now have 20/49 mp.
You feel sick.
You climb upwards.
You feel sick.
There is a stone staircase leading down here.
You start resting.
You feel sick. x2
You are no longer poisoned.
You take 1 damage, and have 253/261 hp.
You regained 2 mp, and now have 23/49 mp.
You start resting.
HP restored.
Health restored: 261 You regained 9 mp, and now have 32/49 mp.
You start resting.
Magic restored.
MP restored: 49 You climb downwards.
There is a stone staircase leading up here.
You see here a +10 club of venom.
Unknown command.
You feel strangely unstable.
You are yanked towards some nearby monsters!
Your surroundings suddenly seem different.
An orb of fire, a dread lich, 3 Orb Guardians and an ancient lich come into view.
Found 3 potions of brilliance, a book of Storms and a scroll of teleportation.
The dread lich shouts!
The ancient lich shouts!
You feel yourself speed up.
A storm dragon comes into view.
The ancient lich touches you.
You feel drained.
You take 3 damage, and have 258/258 hp.
Unknown command.
Blink to where?
Press: ? - help, Dir - move target 7 Orb Guardians come into view.
Found the Orb of Zot.
As you read the scroll of blinking, it crumbles to dust.
Casting: Lehudib's Crystal Spear (mildly dangerous; 1% risk of failure)
Confirm with . or Enter, or press ? or * to list all spells.
The dungeon rumbles!
The Orb Guardian is moderately wounded.
The Orb Guardian is severely wounded. x2
The Orb Guardian is heavily wounded.
The Orb Guardian is severely wounded. x2
The ancient lich is heavily damaged.
The Orb Guardian is heavily wounded.
The Orb Guardian is almost dead.
The Orb Guardian is heavily wounded.
You now have 40/49 mp.
Casting: Shatter (mildly dangerous; 1% risk of failure)
Confirm with . or Enter, or press ? or * to list all spells.
The dungeon rumbles!
The Orb Guardian is almost dead. x2
You kill the Orb Guardian!
Sif Muna accepts your kill.
You kill the Orb Guardian!
Sif Muna accepts your kill.
You kill the Orb Guardian!
Sif Muna accepts your kill.
You kill the Orb Guardian!
Sif Muna accepts your kill.
You kill the Orb Guardian!
Sif Muna accepts your kill.
You kill the Orb Guardian!
Sif Muna accepts your kill.
The Orb Guardian is almost dead.
You destroy the ancient lich!
Sif Muna accepts your kill.
The orb of fire is lightly damaged.
You hear a shout!
The Orb Guardian hits you but does no damage.
Your life force feels restored.
Your Spellcasting skill increases to level 23!
You now have 32/50 mp.
Casting: Shatter (mildly dangerous; 1% risk of failure)
Confirm with . or Enter, or press ? or * to list all spells.
The dungeon rumbles!
You kill the Orb Guardian!
Sif Muna accepts your kill.
You kill the Orb Guardian!
Sif Muna accepts your kill.
You kill the Orb Guardian!
Sif Muna accepts your kill.
The orb of fire is lightly damaged.
You now have 23/50 mp.
A death cob comes into view.
The death cob gives a chilling moan.
An Orb Guardian comes into view.
Casting: Shatter (mildly dangerous; 1% risk of failure)
Confirm with . or Enter, or press ? or * to list all spells.
The dungeon rumbles!
The death cob is almost destroyed.
The Orb Guardian is severely wounded.
You block the death cob's attack. x2
You now have 16/50 mp.
Casting: Shatter (mildly dangerous; 1% risk of failure)
Confirm with . or Enter, or press ? or * to list all spells.
The dungeon rumbles!
You destroy the death cob!
Sif Muna accepts your kill.
You kill the Orb Guardian!
Sif Muna accepts your kill.
The orb of fire is lightly damaged.
You hear a roar!
You now have 8/50 mp.
Health restored: 261 You see here the Orb of Zot.
You pick up the Orb of Zot!
The Orb lets out a hideous shriek!
The lords of Pandemonium are not amused.
Beware!
Now all you have to do is get back out of the dungeon!
The orb of fire glows deep purple.
The bolt of fire hits you! You resist.
You take 11 damage, and have 250/261 hp.
The orb of fire disappears!
You enter a permanent teleport trap!
Your surroundings suddenly seem different.
An Orb Guardian comes into view.
Okay, then.
Blink to where?
Press: ? - help, Dir - move target You enter a permanent teleport trap!
Your surroundings suddenly seem different.
An orb of fire comes into view.
As you read the scroll of blinking, it crumbles to dust.
The dread lich shouts!
The storm dragon roars deafeningly!
The storm dragon breathes lightning at you.
The bolt of lightning misses you. The dread lich touches you.
You feel drained.
You take 7 damage, and have 244/257 hp.
The dread lich touches you but does no damage.
The dread lich mumbles some strange words.
You enter a permanent teleport trap!
Your surroundings suddenly seem different.
A Killer Klown comes into view. It is wielding a +8 club.
Found a book of Dreams.
A ghost moth comes into view.
Blink to where?
Press: ? - help, Dir - move target 2 orbs of fire, a dread lich, a ghost moth and a moth of wrath come into view.
Found a whip, 39 gold pieces and 9 stones.
As you read the scroll of blinking, it crumbles to dust.
The dread lich shouts!
The orb of fire glows deep purple.
Strange energies course through your body.
You feel a hidden malignance growing inside you.
Blink to where?
Press: ? - help, Dir - move target 4 Orb Guardians come into view.
As you read the scroll of blinking, it crumbles to dust.
The ghost moth stares at you.
You feel your power leaking away. You block the ghost moth's attack.
The ghost moth closely misses you. x2
The ghost moth stares at you.
You feel your power leaking away. The Orb Guardian hits you.
The dread lich casts a spell.
You take 4 damage, and have 241/257 hp.
You now have 3/50 mp.
Blink to where?
Press: ? - help, Dir - move target
As you read the scroll of blinking, it crumbles to dust.
Blink to where?
Press: ? - help, Dir - move target
As you read the scroll of blinking, it crumbles to dust.
Blink to where?
Press: ? - help, Dir - move target A yellow draconian annihilator and a yellow draconian come into view.
The yellow draconian annihilator is wielding a +2 great mace of draining.
As you read the scroll of blinking, it crumbles to dust.
The yellow draconian roars!
A yellow draconian annihilator comes into view.
It is wielding a +0 whip.
The yellow draconian annihilator spits acid at you.
The glob of acid hits you!! The yellow draconian spits acid at you.
The glob of acid hits you!! The acid corrodes you!
You take 50 damage, and have 192/257 hp.
The yellow draconian spits acid at you. The glob of acid hits you!
The yellow draconian annihilator spits acid at you.
The glob of acid hits you!
Things that are here:
a +0 scimitar; a green draconian corpse You take 18 damage, and have 175/257 hp.
There is a stone staircase leading up here.
You climb upwards.
There is a stone staircase leading down here.
A Vutatut, an ice devil and a lich come into view.
Unknown command.
The lich shouts!
There is an escape hatch in the ceiling here.
A mysterious force pulls you upwards. The hatch slams shut behind you.
There is a stone staircase leading up here.
You climb upwards.
Your extra speed is starting to run out.
There is a stone staircase leading down here.
You regained 4 hp, and now have 183/257 hp.
You regained 5 mp, and now have 15/50 mp.
You are no longer corroded.
You feel yourself slow down.
A smoke demon comes into view.
You regained 9 hp, and now have 192/257 hp.
You regained 11 mp, and now have 26/50 mp.
A smoke demon is nearby!
There is a stone staircase leading up, spattered with blood here.
You climb upwards.
There is a stone staircase leading down here.
You regained 2 hp, and now have 195/257 hp.
You regained 2 mp, and now have 28/50 mp.
A smoke demon comes into view.
There is a stone staircase leading down here.
Casting: Shatter (mildly dangerous; 1% risk of failure)
Confirm with . or Enter, or press ? or * to list all spells.
Aiming: Lehudib's Crystal Spear (mildly dangerous; 1% risk of failure)
Press: ? - help, Shift-Dir - straight line, f - smoke demon
Aim: a smoke demon (84% to hit)
The crystal spear hits the smoke demon!!!
You kill the smoke demon!
Sif Muna accepts your kill.
You now have 24/50 mp.
Casting: Lehudib's Crystal Spear (mildly dangerous; 1% risk of failure)
Confirm with . or Enter, or press ? or * to list all spells.
You can't see any susceptible monsters within range! (Use Z to cast anyway.) Unknown command.
You enter the shallow water.
Moving in this stuff is going to be slow.
You enter the shallow water.
Moving in this stuff is going to be slow.
A rakshasa and a death cob come into view.
You regained 14 hp, and now have 212/258 hp.
You regained 16 mp, and now have 40/50 mp.
Casting: Lehudib's Crystal Spear (mildly dangerous; 1% risk of failure)
Confirm with . or Enter, or press ? or * to list all spells.
Aiming: Lehudib's Crystal Spear (mildly dangerous; 1% risk of failure)
Press: ? - help, Shift-Dir - straight line, f - death cob
Aim: a death cob (wandering, hasn't noticed you, 70% to hit)
The crystal spear hits the death cob!!!
The death cob is heavily damaged.
You now have 32/50 mp.
Casting: Lehudib's Crystal Spear (mildly dangerous; 1% risk of failure)
Confirm with . or Enter, or press ? or * to list all spells.
The dungeon rumbles!
The death cob is severely damaged.
An iron grate is ripped into pieces! x5
You kill the rakshasa!
Sif Muna accepts your kill.
You hear a splash. x2
An iron grate is ripped into pieces! x18
Ka-crash!
You now have 24/50 mp.
Casting: Shatter (mildly dangerous; 1% risk of failure)
Confirm with . or Enter, or press ? or * to list all spells.
The dungeon rumbles!
You destroy the death cob!
Sif Muna accepts your kill.
Ka-crash!
Your life force feels restored.
You now have 16/50 mp.
Things that are here:
+0 storm dragon scales; a +0 dire flail You enter the shallow water.
Moving in this stuff is going to be slow.
An Orb Guardian comes into view.
There is a gate leading back out of this place, spattered with blood here.
You regained 29 hp, and now have 243/261 hp.
You regained 33 mp, and now have 49/50 mp.
Magic restored.
You go up through the gate.
Welcome back to the Depths!
There is a gate to the Realm of Zot here.
MP restored: 50 An ice devil comes into view.
There is an open door, spattered with blood here.
Items here: ))) [[.
You regained 8 hp, and now have 252/261 hp.
Casting: Shatter (mildly dangerous; 1% risk of failure)
Confirm with . or Enter, or press ? or * to list all spells.
The dungeon rumbles!
You kill the ice devil!
Sif Muna accepts your kill.
Ka-crash!
You now have 42/50 mp.
There is a stone staircase leading up, spattered with blood here.
Magic restored.
You climb upwards.
HP restored.
There is a stone staircase leading down, spattered with blood here.
You see here +0 ice dragon scales.
Health restored: 261; MP restored: 50 You see here a +0 great sword of flaming.
A Tzitzimitl comes into view.
Casting: Shatter (mildly dangerous; 1% risk of failure)
Confirm with . or Enter, or press ? or * to list all spells.
The dungeon rumbles!
The Tzitzimitl is moderately wounded.
Ka-crash!
You now have 42/50 mp.
The Tzitzimitl calls on the powers of darkness!
Your body is wracked with pain!
You see here a scroll of enchant weapon.
You take 129 damage, and have 132/261 hp.
MASSIVE DAMAGE!!
Casting: Shatter (mildly dangerous; 1% risk of failure)
Confirm with . or Enter, or press ? or * to list all spells.
Aiming: Lehudib's Crystal Spear (mildly dangerous; 1% risk of failure)
Press: ? - help, Shift-Dir - straight line, f - Tzitzimitl
Aim: a Tzitzimitl (moderately wounded, 68% to hit)
The crystal spear hits the Tzitzimitl!!!!
You kill the Tzitzimitl!
Sif Muna accepts your kill.
You now have 36/50 mp.
You feel much better.
You regained 20 hp, and now have 152/261 hp.
You feel much better.
You regained 26 hp, and now have 178/261 hp.
Things that are here:
a +0 dire flail; a +0 dire flail You see here a +0 battleaxe of freezing.
Magic restored.
Things that are here:
a +0 plate armour; a +1 scimitar
Things that are here:
a +0 plate armour; a +4 great mace of flaming
Items here: ))) [[[[.
Things that are here:
a +0 robe; a +0 dagger
Things that are here:
a +0 plate armour; a +0 war axe
Things that are here:
a +0 buckler; a +0 leather armour; a +0 war axe
There is a stone staircase leading up here.
You climb upwards.
There is a stone staircase leading down here.
You regained 55 hp, and now have 233/261 hp.
MP restored: 50 Unknown command.
There is a stone staircase leading up here.
You climb upwards.
There is a stone staircase leading down here.
You regained 10 hp, and now have 243/261 hp.
You see here a +4 shortbow of flaming.
Things that are here:
a +0 dagger; a +0 long sword
Things that are here:
a +0 robe; a +0 whip
There is a staircase back to the Dungeon, spattered with blood here.
You climb upwards.
Welcome back to the Dungeon!
There is a staircase to the Depths here.
You regained 8 hp, and now have 251/261 hp.
You see here a +0 robe.
HP restored.
There is an open door here.
There is a stone staircase leading up here.
You climb upwards.
There is a stone staircase leading down here.
Health restored: 261
There is a shaft here.
There is a stone staircase leading up here.
You climb upwards.
There is a stone staircase leading down here.
You see here a +0 flail.
A hellion comes into view.
The hellion moves out of view.
Unknown command.
There is a stone staircase leading up here.
You climb upwards.
Level annotation: 4 transporters
There is a stone staircase leading down here.
There is a stone staircase leading up here.
You climb upwards.
There is a stone staircase leading down here.
There is a stone staircase leading down here.
An efreet comes into view.
It is wielding a +0 scimitar of flaming.
Unknown command.
Casting: Lehudib's Crystal Spear (mildly dangerous; 1% risk of failure)
Confirm with . or Enter, or press ? or * to list all spells.
Aiming: Lehudib's Crystal Spear (mildly dangerous; 1% risk of failure)
Press: ? - help, Shift-Dir - straight line, f - efreet
Aim: an efreet, wielding a +0 scimitar of flaming (94% to hit)
The crystal spear hits the efreet!!!
You kill the efreet!
Sif Muna accepts your kill.
You now have 43/50 mp.
Magic restored.
There is a stone staircase leading up here.
You climb upwards.
There is a stone staircase leading down here.
MP restored: 50
There is a stone staircase leading up, spattered with blood here.
You climb upwards.
There is a stone staircase leading down, spattered with blood here.
There is a stone staircase leading up, spattered with blood here.
You climb upwards.
There is a stone staircase leading down here.
Things that are here:
a +0 robe; a +1 whip of freezing
Things that are here:
a +0 robe; a +1 spear
There is a stone staircase leading up here.
You climb upwards.
There is a stone staircase leading down here.
Items here: )) [[.
There is a stone staircase leading up, spattered with blood here.
You climb upwards.
There is a stone staircase leading down here.
There is an open door here.
There is a stone staircase leading up here.
You climb upwards.
There is a stone staircase leading down here.
There is a stone staircase leading up here.
You climb upwards.
There is a stone staircase leading down here.
You see here 4 stones.
There is a stone staircase leading up here.
You climb upwards.
There is a stone staircase leading down here.
A seraph and an angel come into view.
The seraph is wielding a +5 great sword of flaming.
The angel is wielding a +1 whip of holy wrath.
Unknown command.
Unknown command.
Okay, then.
Blink to where?
Press: ? - help, Dir - move target
As you read the scroll of blinking, it crumbles to dust.
The angel shouts!
The seraph gestures.
The seraph channels a blast of cleansing flame!
The golden flame engulfs the seraph.
The seraph completely resists.
The golden flame engulfs you but does no damage.
You climb upwards.
There is a stone staircase leading down here.
Things that are here:
4 stones; a +0 short sword
There is a stone staircase leading up here.
You climb upwards.
There is a stone staircase leading down here.
There is an entrance to Namun Hiy's Armour Shop here.
There is a staircase leading out of the dungeon here.
You have escaped!

#........# #......#####
#......### ##### ##..........
#.....## ##.#.## ##.........
#.....# ##..#..## ###.####..
#.....# ##.......## #.##...#
#.....###.........## #>...###
#####.##....~~~....## ##.....#
#######.#....~...~....####.###.#
#............~.@.~.........#....
##......#....~...~....######....
##.....##....~~~....## #....
#.....###.........##### #....
#.....# ##.......## #.# #....
#.....# ###....## #.# #....
###...# #...## #.# #.... ##..#
######## #.## ##### #..#
#..)##.# #..#######


There were no monsters in sight!

Vanquished Creatures
  the Royal Jelly (Slime:5)
  2 orbs of fire (Zot:5)
  5 dread liches
  3 ancient liches
  Sojobo (Crypt:3)
  Vv (Crypt:1)
  The ghost of Osipn the Impregnable, a veteran MiGl of Hepliaklqana (Crypt:2)
  Frederick (Vaults:2)
  4 Killer Klowns
  A curse toe (Zot:3)
  Xtahua (Crypt:3)
  Vashnia (Snake:3)
  8 golden dragons
  7 bone dragons
  Jory (Vaults:5)
  A profane servitor (Crypt:2)
  A Tzitzimitl (Depths:3)
  9 electric golems
  2 walking crystal tomes
  13 tentacled monstrosities
  A Hell Sentinel (Crypt:2)
  Zenata (Vaults:1)
  7 titans
  2 deep elf blademasters (Elf:3)
  8 liches
  15 Orb Guardians (Zot:5)
  4 quicksilver dragons
  2 deep elf master archers (Elf:3)
  5 sphinxes
  17 acid blobs
  9 death cobs
  2 Executioners (Abyss:3)
  An acid blob (shapeshifter) (Vaults:5)
  Gastronok (D:9)
  3 tentacled starspawn
  8 ancient champions
  7 shadow dragons
  4 draconian monks
  Kirke (Snake:2)
  12 tengu reavers
  14 storm dragons
  3 revenants
  Donald (Snake:2)
  Aizul (Snake:1)
  10 rockslimes
  12 fire giants
  9 nagarajas
  9 draconian knights
  An iron dragon (Depths:3)
  5 azure jellies
  The ghost of Igumek the Carver, an adept OpBr of Cheibriados (D:15)
  6 deep elf sorcerers
  12 frost giants
  4 draconian shifters
  Louise (Swamp:3)
  A ghost moth (Zot:1)
  A ghost moth (shapeshifter) (Depths:4)
  9 draconian scorchers
  6 draconian annihilators
  3 deep elf elementalists (Elf:3)
  3 spectral caustic shrikes (Depths:2)
  18 vault wardens
  A draconian stormcaller (Zot:2)
  A reaper (Crypt:3)
  2 juggernaut skeletons (Crypt:3)
  2 orc warlords
  3 curse skulls
  4 ghouls
  15 formless jellyfish
  20 ironbound preservers
  22 stone giants
  14 quicksilver oozes
  4 war gargoyles
  19 very ugly things
  Nessos (Lair:3)
  8 vampire knights
  11 ironbound thunderhulks
  14 green draconians
  3 deep elf demonologists
  11 deep elf annihilators
  17 dire elephants
  13 purple draconians
  19 black draconians
  16 red draconians
  14 yellow draconians
  3 eleionomae
  6 bunyips
  8 white draconians
  20 ettins
  3 eidola
  A mummy priest (Crypt:3)
  A crystal guardian (Crypt:2)
  18 yaktaur captains
  6 deep elf death magi
  A blizzard demon (Depths:2)
  5 jiangshi
  14 great orbs of eyes
  20 hydras
  Harold (D:9)
  5 deep elf high priests
  9 fire dragons
  A shambling mangrove (Swamp:4)
  A spriggan zombie (Crypt:2)
  12 ice dragons
  Erolcha (D:12)
  7 ogre magi
  A salamander tyrant (Snake:2)
  A peacekeeper (Vaults:2)
  A fenstrider witch zombie (Crypt:2)
  2 rakshasas
  Erica (Lair:2)
  A sphinx zombie (Crypt:1)
  31 vault guards
  3 spriggan air magi (Depths:3)
  3 ghost crabs
  3 spriggan skeletons
  5 anacondas
  17 two-headed ogres
  The ghost of BarneyGumball the Destroyer, a journeyman OpEE of Gozag (Lair:1)
  10 alligators
  7 ironbound frosthearts
  5 boulder beetles
  37 dancing weapons
  8 centaur warriors
  An azure jelly zombie (Crypt:2)
  3 death yaks (Lair:4)
  A fenstrider witch skeleton (Crypt:3)
  7 vampire magi
  8 deep troll earth magi
  A deep troll shaman (Depths:2)
  A thrashing horror (Abyss:3)
  7 hell hogs
  8 tengu warriors
  2 orc high priests (Elf:1)
  10 shock serpents
  17 naga sharpshooters
  11 naga warriors
  Urug (D:13)
  6 soul eaters
  6 sun demons
  13 hell knights
  2 spriggan berserkers
  2 shadow wraiths
  2 death drakes
  17 deep elf knights
  A salamander mystic (Depths:1)
  4 wretched stars (Abyss:3)
  A death drake (shapeshifter) (Vaults:5)
  2 titan skeletons (Crypt:3)
  3 sixfirhies
  59 skeletal warriors
  A spark wasp zombie (Crypt:2)
  A glowing orange brain (shapeshifter) (Vaults:5)
  8 sea snakes (Snake:4)
  A bunyip zombie (Crypt:1)
  4 spriggan druids
  Lodul (D:13)
  3 goliath frogs
  12 iron trolls
  4 skysharks
  A bog body (Swamp:3)
  13 swamp dragons
  14 phantasmal warriors
  7 flayed ghosts
  4 naga ritualists
  62 deep trolls
  11 deep elf archers
  8 lindwurms
  A golden dragon skeleton (Crypt:3)
  An anaconda skeleton (Crypt:3)
  A bunyip skeleton (Crypt:3)
  18 wizards
  5 harpies (Vaults:2)
  17 ironbound convokers
  Pikel (D:8)
  8 glowing orange brains
  An obsidian statue (D:15)
  6 necromancers
  10 mana vipers
  3 wolf spiders
  32 ugly things
  9 orc knights
  5 shining eyes
  22 deep elf pyromancers
  17 deep elf zephyrmancers
  6 cyclopes
  4 manticores
  12 centaur zombies
  2 orc sorcerers
  13 salamanders
  4 will-o-the-wisps
  An iron dragon skeleton (Crypt:3)
  2 rust devils (Depths:2)
  35 moths of wrath
  7 guardian serpents
  A worldbinder (Abyss:3)
  A stone giant skeleton (Crypt:3)
  4 elephants (Lair:4)
  10 smoke demons
  29 black mambas
  22 vault sentinels
  15 naga magi
  3 eyes of devastation
  A gargoyle (D:11)
  An orange demon (Abyss:3)
  A naga skeleton (Crypt:3)
  3 unseen horrors
  16 cane toads
  Psyche (D:8)
  2 centaur skeletons
  3 torpor snails (Depths:3)
  6 rime drakes
  An alligator snapping turtle skeleton (Crypt:3)
  A dire elephant skeleton (Crypt:1)
  2 hellions (Depths:3)
  2 tormentors (Abyss:3)
  37 yaktaurs
  2 rime drakes (shapeshifter)
  6 efreet
  A mana viper zombie (Crypt:3)
  An ice devil (Depths:4)
  4 freezing wraiths
  5 tengu conjurers
  A polar bear (Lair:2)
  An iron troll zombie (Crypt:3)
  4 komodo dragons
  3 ancient zymes (Abyss:3)
  A minotaur skeleton (Crypt:2)
  6 guardian mummies (Crypt:3)
  3 bloated husks
  3 meliai (D:15)
  2 meliai (shapeshifter) (Vaults:5)
  16 trolls
  5 hornets
  A hydra skeleton (Crypt:1)
  3 harpy skeletons (Crypt:3)
  7 tyrant leeches
  2 meliai zombies (D:13)
  A death drake skeleton (Crypt:1)
  A culicivora zombie (Crypt:3)
  17 blink frogs
  8 raiju
  A guardian serpent zombie (Crypt:3)
  A fire dragon zombie (Crypt:2)
  8 flying skulls (Crypt:3)
  3 air elementals
  9 large abominations (Abyss:3)
  A tarantella zombie (Crypt:2)
  74 slime creatures
  A black mamba zombie (Crypt:1)
  A culicivora (shapeshifter) (Abyss:3)
  A centaur simulacrum (D:13)
  3 water elementals
  2 ynoxinuls
  An ettin skeleton (Crypt:2)
  10 spriggans
  3 shadows
  2 dire elephant simulacra (Crypt:1)
  7 wraiths
  A fire elemental (Elf:3)
  6 wyverns
  A naga simulacrum (Abyss:3)
  A vampire (D:13)
  A golden eye (shapeshifter) (D:14)
  A merfolk skeleton (Crypt:3)
  Grum (D:10)
  A chaos spawn (Depths:2)
  32 yaks
  6 hogs (Snake:2)
  16 humans (D:13)
  A black mamba skeleton (Crypt:3)
  3 basilisks
  2 small abominations (Abyss:3)
  18 starcursed masses (Abyss:3)
  3 neqoxecs
  20 vampire mosquitoes
  10 wargs
  39 nagas
  15 swamp worms
  A two-headed ogre zombie (Crypt:2)
  An acid dragon (shapeshifter) (Elf:1)
  2 hell hounds (Volcano)
  Duvessa (D:7)
  9 water moccasins
  2 floating eyes (Depths:2)
  15 orc warriors
  13 swamp drakes
  A black bear (Lair:4)
  4 ice beasts
  A black mamba simulacrum (Crypt:2)
  A hornet zombie (Crypt:1)
  A black bear (shapeshifter) (D:15)
  27 ogres
  29 wolves
  7 centaurs
  A blink frog skeleton (Crypt:1)
  A phantom (D:6)
  19 bullfrogs
  2 kobold brigands
  4 earth elementals
  3 necrophages (Swamp:3)
  3 scorpions
  16 wights
  A polar bear zombie (Crypt:3)
  Dowan (D:7)
  A warg skeleton (Crypt:3)
  3 killer bees (D:9)
  3 howler monkeys
  A polar bear skeleton (Crypt:2)
  An electric eel (Lair:1)
  3 hounds
  3 iron imps
  A gnoll bouda (D:7)
  6 jellies
  Crazy Yiuf (D:7)
  14 orc priests
  A basilisk skeleton (Crypt:2)
  3 iguanas
  A sleepcap (D:6)
  Natasha (thrice) (D:4)
  2 boggart zombies (D:13)
  14 orc wizards
  5 lightning spires (Zot:1)
  An ogre zombie (Crypt:3)
  Robin (D:2)
  4 gnolls (D:7)
  3 adders
  A shadow imp (D:6)
  2 white imps
  A worm (D:2)
  A dart slug (D:5)
  59 orcs
  5 ball pythons
  A bat skeleton (Crypt:2)
  9 endoplasms
  2 giant cockroaches (D:1)
  15 goblins
  10 hobgoblins
  8 jackals
  14 kobolds
  7 quokkas
  10 bats
  6 frilled lizards
  A gnoll skeleton (Crypt:2)
  9 rats
  A river rat skeleton (Crypt:1)
  A lurking horror (Abyss:3)
  2 starspawn tentacles (Abyss:3)
2390 creatures vanquished.

Vanquished Creatures (collateral kills)
  A sphinx (Depths:3)
  A deep elf zephyrmancer (Elf:1)
  A deep elf pyromancer (Elf:1)
  A torpor snail (Depths:3)
  A spriggan (Bailey)
  A steam dragon (Bailey)
  2 ogres (Bailey)
  An orc (Elf:1)
  2 boulders (Lair:5)
11 creatures vanquished.

Vanquished Creatures (others)
  An Ice Fiend (Zot:1)
  A death cob (Zot:1)
  A draconian monk (Zot:1)
  A draconian shifter (Zot:1)
  2 black draconians (Zot:1)
  A catoblepas (D:15)
  A dancing weapon (Elf:2)
  A deep elf knight (Elf:2)
  A sixfirhy (Zot:1)
  A deep elf zephyrmancer (Elf:1)
  A moth of wrath (Zot:4)
  3 bloated husks
  A tyrant leech (Swamp:1)
  A swamp worm (Swamp:3)
  An orc (Orc:1)
  5 ball lightnings (Zot:1)
  3 fire vortices (Vaults:1)
  2 foxfires (Swamp:4)
  2 lurking horrors (Crypt:2)
  4 starspawn tentacles (Crypt:2)
34 creatures vanquished.

Grand Total: 2435 creatures vanquished

Notes
Turn   | Place    | Note
-------+----------+-------------------------------------------
     0 | D:1      | steven32 the Draconian Earth Elementalist began the quest
                  | for the Orb.
     0 | D:1      | Reached XP level 1. HP: 14/14 MP: 3/3
    99 | D:1      | Reached skill level 1 in Fighting
   105 | D:1      | Reached XP level 2. HP: 23/23 MP: 1/5
   252 | D:1      | Found Maup's Weapon Boutique.
   384 | D:1      | Found Coedal's Distillery.
   384 | D:1      | Found Namun Hiy's Armour Shop.
   463 | D:1      | Found a faded altar of an unknown god.
   467 | D:1      | Reached XP level 3. HP: 29/29 MP: 1/6
   524 | D:1      | Bought a potion of curing for 39 gold pieces
   532 | D:1      | Found Sielaun's Magic Scroll Shoppe.
  1326 | D:2      | Noticed Robin
  1472 | D:2      | Identified the +1 scale mail of Yredelemnul's Fury {Str+3
                  | Dex+2}
  1571 | D:2      | Killed Robin
  1572 | D:2      | Reached XP level 4. HP: 37/37 MP: 2/7
  2357 | D:3      | Found a blossoming altar of Fedhas.
  2411 | D:3      | Found an ornate altar of the Wu Jian Council.
  2411 | D:3      | Found a burning altar of Makhleb.
  2433 | D:4      | Noticed Natasha
  2443 | D:4      | Killed Natasha
  2511 | D:4      | Found a staircase to the Ecumenical Temple.
  2512 | D:4      | Noticed a scorpion
  2521 | D:4      | Killed a scorpion
  2522 | D:4      | Reached skill level 4 in Earth Magic
  2522 | D:4      | Reached XP level 5. HP: 42/46 MP: 4/9
  2526 | Temple   | Entered the Ecumenical Temple
  2671 | D:4      | HP: 2/47 [poisoned by a scorpion]
  2894 | D:4      | Identified the +5 spear of Guilt {freeze, Str+3}
  2936 | D:4      | Noticed Natasha
  2938 | D:4      | Killed Natasha
  2939 | D:4      | Reached XP level 6. HP: 53/53 MP: 8/11
  3308 | D:4      | Noticed Natasha
  3313 | D:4      | Killed Natasha
  3517 | D:5      | Entered Level 5 of the Dungeon
  3552 | D:5      | Noticed an ice beast
  3577 | D:5      | Killed an ice beast
  3578 | D:5      | Reached skill level 5 in Fighting
  3668 | D:5      | Learned a level 3 spell: Stone Arrow
  4080 | D:5      | Your scales start taking on a rich purple colour.
  4080 | D:5      | Reached skill level 5 in Spellcasting
  4080 | D:5      | Reached XP level 7. HP: 61/61 MP: 11/14
  4116 | D:5      | You fall into a shaft and drop 1 floor!
  4302 | D:6      | Found Qepsolit's Magic Scroll Boutique.
  4492 | D:6      | Bought a scroll of teleportation for 30 gold pieces
  4492 | D:6      | Bought a scroll of fear for 40 gold pieces
  4492 | D:6      | Bought a scroll of blinking for 75 gold pieces
  4492 | D:6      | Bought a scroll of identify for 20 gold pieces
  4615 | D:6      | Found a shimmering blue altar of Sif Muna.
  4638 | D:6      | Became a worshipper of Sif Muna the Loreminder
  5049 | D:6      | Reached skill level 1 in Invocations
  5122 | D:6      | Reached XP level 8. HP: 54/70 MP: 1/17
  5507 | D:7      | Reached skill level 5 in Conjurations
  5507 | D:7      | Reached skill level 5 in Earth Magic
  5638 | D:7      | Reached * piety under Sif Muna
  6226 | D:7      | Found a shimmering altar of Xom.
  6264 | D:7      | Reached skill level 6 in Earth Magic
  6467 | D:7      | Found a runed translucent door.
  6468 | D:7      | Noticed Crazy Yiuf
  6604 | D:7      | Noticed Dowan
  7172 | D:7      | Noticed Duvessa
  7181 | D:7      | Killed Duvessa
  7183 | D:7      | Killed Dowan
  7184 | D:7      | Reached XP level 9. HP: 56/79 MP: 1/18
  7293 | D:7      | Killed Crazy Yiuf
  7401 | D:8      | Noticed a +0 hand axe
  7401 | D:8      | Noticed a +0 hand axe
  7401 | D:8      | Found a hide-covered altar of Uskayaw.
  7453 | D:8      | Noticed Pikel
  7468 | D:8      | Killed Pikel
  8273 | D:8      | Noticed Psyche
  8276 | D:8      | Killed Psyche
  8339 | D:8      | Found an opulent altar of Gozag.
  8655 | D:8      | Found a basalt altar of Yredelemnul.
  8862 | D:8      | Noticed a two-headed ogre
  8886 | D:8      | Noticed a centaur warrior
  8890 | D:8      | Killed a centaur warrior
  8891 | D:8      | Reached XP level 10. HP: 76/91 MP: 12/23
  8891 | D:8      | Noticed a centaur warrior
  8899 | D:8      | Killed a centaur warrior
  8900 | D:8      | Reached skill level 5 in Invocations
  8975 | D:8      | Killed a two-headed ogre
  9249 | D:9      | Found a flagged portal.
  9312 | D:9      | Found an iron altar of Okawaru.
  9368 | Bailey   | Entered a bailey
  9404 | Bailey   | Reached skill level 10 in Fighting
  9410 | Bailey   | Reached ** piety under Sif Muna
  9516 | Bailey   | Noticed a two-headed ogre
  9595 | Bailey   | Killed a two-headed ogre
 10088 | D:9      | Reached XP level 11. HP: 97/104 MP: 11/24
 10259 | D:9      | Found Hairchup's Distillery.
 10413 | D:9      | Bought a potion of heal wounds for 55 gold pieces
 10413 | D:9      | Bought a potion of haste for 110 gold pieces
 10413 | D:9      | Bought a potion of heal wounds for 55 gold pieces
 10413 | D:9      | Bought a potion of resistance for 110 gold pieces
 10637 | D:9      | Noticed Gastronok
 10657 | D:9      | Killed Gastronok
 10658 | D:9      | Reached skill level 5 in Dodging
 10734 | D:9      | Noticed a brown ugly thing
 10766 | D:9      | Killed a brown ugly thing
 11530 | D:9      | Noticed Harold
 11541 | D:9      | Killed Harold
 11844 | D:10     | Entered Level 10 of the Dungeon
 11844 | D:10     | Noticed a two-headed ogre
 11847 | D:10     | Killed a two-headed ogre
 11922 | D:10     | Found a sacrificial altar of Ru.
 11922 | D:10     | Noticed Grum
 11926 | D:10     | Killed Grum
 12050 | D:10     | Found a staircase to the Lair.
 12199 | D:9      | Reached skill level 7 in Earth Magic
 12356 | D:10     | Reached skill level 8 in Earth Magic
 12706 | D:10     | Found a glowing golden altar of the Shining One.
 13016 | D:10     | Upgraded the game from 0.31-a0-836-g3ceb0a6 to
                  | 0.31-a0-840-g6d2ecbb
 13191 | D:11     | Found an ancient bone altar of Kikubaaqudgha.
 13237 | D:11     | Reached *** piety under Sif Muna
 13331 | D:11     | Reached XP level 12. HP: 83/112 MP: 7/25
 13639 | D:11     | Reached skill level 9 in Earth Magic
 13891 | D:12     | Found a transporter.
 13892 | D:12     | Found an ornate altar of the Wu Jian Council.
 13892 | D:12     | Noticed a vault warden
 13901 | D:12     | Noticed Erolcha
 13909 | D:12     | Killed Erolcha
 14074 | D:12     | Reached skill level 10 in Earth Magic
 14119 | D:12     | Found Boemm's Assorted Antiques.
 14124 | D:12     | Bought a murky sapphire potion for 22 gold pieces
 14124 | D:12     | Bought a bubbling blue potion for 22 gold pieces
 14124 | D:12     | Bought a metallic purple potion for 22 gold pieces
 14660 | D:12     | Noticed a two-headed ogre
 14663 | D:12     | Killed a two-headed ogre
 14664 | D:12     | Reached skill level 10 in Spellcasting
 15121 | D:12     | Reached **** piety under Sif Muna
 15166 | D:12     | Found a staircase to the Orcish Mines.
 15425 | D:12     | Found a transporter.
 15426 | D:12     | Found an ornate altar of the Wu Jian Council.
 15436 | D:12     | Found a transporter.
 15500 | D:12     | Found a transporter.
 15500 | D:12     | Noticed a vault guard
 15500 | D:12     | Noticed a vault guard
 15593 | Lair:1   | Entered Level 1 of the Lair of Beasts
 17663 | Lair:1   | Noticed BarneyGumball's ghost (journeyman OpEE)
 17664 | Lair:1   | Found a runed translucent gate.
 17665 | Lair:1   | Found a runed translucent gate.
 17666 | Lair:1   | Found a runed translucent gate.
 17671 | Lair:1   | Noticed a 12-headed hydra
 17947 | Lair:2   | Identified a scroll of acquirement
 17950 | Lair:2   | Acquired the Grimoire of Scintillating Creation
 17959 | Lair:2   | Learned a level 6 spell: Bombard
 17965 | Lair:2   | Learned a level 5 spell: Borgnjor's Vile Clutch
 17970 | Lair:2   | Learned a level 4 spell: Brom's Barrelling Boulder
 17975 | Lair:2   | Learned a level 4 spell: Dispel Undead
 17982 | Lair:2   | Learned a level 6 spell: Death Channel
 17987 | Lair:2   | Learned a level 4 spell: Animate Dead
 18626 | Lair:2   | Reached XP level 13. HP: 112/118 MP: 17/29
 19020 | Lair:2   | Noticed Erica
 19138 | Lair:2   | Reached ***** piety under Sif Muna
 19287 | Lair:2   | Identified Sif Muna's Textbook on Hazy Rot (Sif Muna gifted
                  | it to you on level 2 of the Lair of Beasts)
 19287 | Lair:2   | Received a gift from Sif Muna
 19605 | Lair:3   | Noticed Nessos
 19899 | Lair:3   | Reached skill level 1 in Necromancy
 19984 | Lair:3   | Reached skill level 10 in Invocations
 20100 | Lair:3   | Found a staircase to the Snake Pit.
 20770 | Lair:3   | Paralysed by Nessos for 2 turns
 20785 | Lair:3   | Killed Nessos
 21497 | Lair:4   | Found a staircase to the Slime Pits.
 21498 | Lair:4   | Found a viscous altar of Jiyva.
 21878 | Lair:4   | Reached skill level 5 in Necromancy
 23180 | Lair:5   | Entered Level 5 of the Lair of Beasts
 23780 | Lair:5   | Found a dark tunnel.
 23789 | Volcano  | Entered a volcano
 24297 | Volcano  | Identified the +0 hat of the Elephant {-Cast rC+ Regen+}
 24580 | Lair:5   | Reached XP level 14. HP: 110/126 MP: 2/30
 25948 | Lair:5   | Identified the amulet of Biobeh {RegenMP rF+ rC+}
 26396 | Orc:1    | Entered Level 1 of the Orcish Mines
 26636 | Orc:1    | Reached skill level 10 in Necromancy
 26930 | Lair:2   | Killed Erica
 27009 | Lair:2   | Found a staircase to the Swamp.
 27215 | Orc:2    | Entered Level 2 of the Orcish Mines
 27272 | Orc:2    | Reached skill level 10 in Conjurations
 27530 | Orc:2    | Found Helirgh's Armour Shop.
 28188 | Orc:2    | Found Bolizusch's Weapon Boutique.
 28194 | Orc:2    | Found Gyzxesk's Magic Scroll Shoppe.
 28272 | Orc:2    | Received a gift from Sif Muna
 28277 | Orc:2    | Learned a level 2 spell: Sublimation of Blood
 28348 | Orc:2    | Found a staircase to the Elven Halls.
 28370 | Orc:2    | Found Uche's General Store.
 28378 | Orc:2    | Bought a potion of heal wounds for 70 gold pieces
 28378 | Orc:2    | Bought a scroll of blinking for 105 gold pieces
 28378 | Orc:2    | Bought a potion of heal wounds for 70 gold pieces
 28391 | Orc:2    | Bought a scroll of blinking for 97 gold pieces
 28391 | Orc:2    | Bought a scroll of identify for 26 gold pieces
 28476 | Orc:2    | Reached skill level 15 in Fighting
 28476 | Orc:2    | Reached XP level 15. HP: 141/141 MP: 31/31
 28624 | D:13     | Found a gate to the Vaults.
 28624 | D:13     | Noticed Urug
 28626 | D:13     | Noticed Lodul
 28632 | D:13     | Killed Lodul
 28634 | D:13     | Killed Urug
 28724 | D:13     | Reached skill level 11 in Earth Magic
 28804 | D:13     | Found a basalt altar of Yredelemnul.
 28918 | D:13     | Reached XP level 16. HP: 130/149 MP: 7/32
 29670 | D:14     | Reached skill level 12 in Earth Magic
 30533 | D:14     | Reached skill level 13 in Earth Magic
 31229 | D:15     | Entered Level 15 of the Dungeon
 31234 | D:15     | Found Pyicluq's Jewellery Boutique.
 31342 | D:15     | Found Poin's Distillery.
 31343 | D:15     | Found Ompir's Antique Armour Boutique.
 31344 | D:15     | Found Huckipuph's General Store.
 31353 | D:15     | Bought a scroll of silence for 123 gold pieces
 31400 | D:15     | Identified Buush's Compilation of Abhorrent Words (Sif Muna
                  | gifted it to you on level 15 of the Dungeon)
 31400 | D:15     | Received a gift from Sif Muna
 31625 | D:15     | Found a runed translucent gate.
 32063 | D:15     | Reached skill level 14 in Earth Magic
 32403 | D:15     | Found a staircase to the Depths.
 32434 | D:15     | Found a runed translucent gate.
 32434 | D:15     | Found an opulent altar of Gozag.
 32435 | D:15     | Found a runed translucent gate.
 32436 | D:15     | Noticed Igumek's ghost (adept OpBr)
 32439 | D:15     | Found Detuba's Assorted Antiques.
 33095 | D:15     | Killed Igumek's ghost
 33582 | Snake:1  | Entered Level 1 of the Snake Pit
 33978 | D:15     | Bought a +6 ring of intelligence for 576 gold pieces
 33978 | D:15     | Bought a ring of poison resistance for 320 gold pieces
 34193 | Snake:1  | Noticed Aizul
 34206 | Snake:1  | Killed Aizul
 36443 | Snake:2  | Noticed Donald
 36448 | Snake:2  | Killed Donald
 36448 | Snake:2  | Identified Sif Muna's Vellum of Felsic Sinister Secrets
                  | (Sif Muna gifted it to you on level 2 of the Snake Pit)
 36448 | Snake:2  | Received a gift from Sif Muna
 36793 | Snake:2  | Found Miyzxum's Jewellery Emporium.
 36798 | Snake:2  | Found Kuxko's Armour Emporium.
 36946 | Snake:2  | Found the +9 scales of the Dragon King {rPois rF+ rC+
                  | Will+}
 37124 | Snake:2  | Noticed Kirke
 37135 | Snake:2  | Killed Kirke
 37289 | Snake:2  | Reached XP level 17. HP: 156/156 MP: 20/33
 39072 | Snake:3  | Noticed Vashnia
 39088 | Snake:3  | Killed Vashnia
 39713 | Snake:4  | Entered Level 4 of the Snake Pit
 41070 | Snake:4  | Found Dobbahum's Jewellery Emporium.
 41120 | Snake:4  | Found Qasamo's CLEARANCE SALE!.
 43853 | Snake:4  | Got a serpentine rune of Zot
 44023 | Swamp:1  | Entered Level 1 of the Swamp
 44213 | Swamp:1  | Identified Kokeah's Incunabulum of the Welkin (Sif Muna
                  | gifted it to you on level 1 of the Swamp)
 44213 | Swamp:1  | Received a gift from Sif Muna
 44492 | Swamp:1  | Reached XP level 18. HP: 101/169 MP: 10/34
 45649 | Swamp:2  | Identified the +7 falchion of the Equinox {elec, rN++ Dex-2
                  | SInv}
 46945 | Swamp:3  | Noticed Louise
 46963 | Swamp:3  | Killed Louise
 47638 | Swamp:4  | Entered Level 4 of the Swamp
 47927 | Swamp:4  | Reached skill level 10 in Dodging
 47972 | Swamp:4  | Identified Wajy's Excursus on Burning and Displacement (Sif
                  | Muna gifted it to you on level 4 of the Swamp)
 47972 | Swamp:4  | Received a gift from Sif Muna
 47977 | Swamp:4  | Learned a level 2 spell: Blink
 47982 | Swamp:4  | Learned a level 4 spell: Iskenderun's Mystic Blast
 48386 | Swamp:4  | Got a decaying rune of Zot
 49416 | Vaults:1 | Entered Level 1 of the Vaults
 49490 | Elf:1    | Entered Level 1 of the Elven Halls
 49550 | Elf:1    | Paralysed by an air elemental for 1 turns
 49827 | Elf:1    | Found Yfip's Book Shoppe.
 49910 | Elf:1    | Reached skill level 1 in Translocations
 50590 | Elf:1    | Reached skill level 5 in Translocations
 51188 | Elf:2    | Found Gycaylyu's Book Shop.
 51418 | Elf:2    | Bought a book of Changes for 270 gold pieces
 51418 | Elf:2    | Bought a Necronomicon for 810 gold pieces
 51426 | Elf:2    | Learned a level 5 spell: Irradiate
 51511 | Elf:2    | Reached XP level 19. HP: 176/179 MP: 25/35
 51670 | Elf:2    | Found a runed translucent gate.
 51671 | Elf:2    | Found a runed translucent gate.
 51671 | Elf:2    | Found a runed translucent gate.
 51749 | Elf:2    | Paralysed by an air elemental for 1 turns
 51818 | Elf:2    | Found Cyal Su Boo's Magic Scroll Shoppe.
 51869 | Elf:2    | Received a gift from Sif Muna
 52025 | Elf:2    | Learned a level 5 spell: Lee's Rapid Deconstruction
 53457 | Elf:3    | Entered Level 3 of the Elven Halls
 53970 | Elf:3    | Identified the +1 orcbow of Watchfulness {freeze, rCorr
                  | Str+4 Stlth-}
 54832 | Elf:3    | Received a gift from Sif Muna
 55834 | Elf:3    | Identified the staff of the Equator {rElec Str+3 SInv Air}
 55852 | Elf:3    | Identified the staff "Oplaiph" {rPois Int+7 Dex-2 Conj}
 55859 | Elf:3    | Identified the +4 flail of Sudden Death {drain, *Noise rN+
                  | Dex+2}
 55867 | Elf:3    | Got a lithographed book
 55869 | Elf:3    | Identified the +2 dagger "Tetuv" {freeze, rPois rF+ Will-}
 55891 | Elf:3    | Identified the +2 ring mail of Qigum {Int+3}
 56216 | Lair:1   | Killed BarneyGumball's ghost
 56222 | Lair:1   | Identified the +9 scimitar "Saifym" {freeze, rPois Int+9
                  | Dex-4 Stlth+}
 57520 | Vaults:1 | Received a gift from Sif Muna
 57684 | Vaults:1 | Reached XP level 20. HP: 187/187 MP: 8/38
 58366 | Vaults:1 | Reached skill level 15 in Spellcasting
 59167 | Vaults:1 | Reached skill level 15 in Earth Magic
 59200 | Vaults:1 | Identified the +1 robe of Servitude {Stlth+}
 59626 | Vaults:1 | Identified the staff "Bilev" {rElec rPois Str-3 Int+6
                  | Poison}
 59630 | Vaults:1 | Identified the staff of Valuable Assets {rElec rC+ Will-
                  | Int+2 Conj}
 59680 | Vaults:2 | Noticed Zenata
 59735 | Vaults:1 | Reached skill level 16 in Earth Magic
 59792 | Vaults:1 | Killed Zenata
 60451 | Vaults:2 | Noticed Frederick
 60663 | Vaults:2 | Killed Frederick
 60951 | Vaults:2 | Reached skill level 15 in Invocations
 61811 | Vaults:2 | Reached skill level 1 in Shields
 62003 | Elf:1    | Bought a manual of Shields for 1280 gold pieces
 62551 | Vaults:2 | Found a staircase to the Crypt.
 62551 | Vaults:2 | Found an ancient bone altar of Kikubaaqudgha.
 62552 | Vaults:2 | Found a basalt altar of Yredelemnul.
 62764 | Vaults:2 | Identified the +1 hand axe of Malum In Se {vamp, rF+ Str+4
                  | Dex-2 SInv}
 62771 | Vaults:2 | Found Opigh's Distillery.
 62788 | Vaults:2 | Bought a potion of heal wounds for 65 gold pieces
 62891 | Vaults:2 | Reached skill level 5 in Shields
 63341 | Vaults:2 | Found a portal to a secret trove of treasure.
 64031 | Vaults:3 | You fall into a shaft and drop 1 floor!
 64068 | Vaults:4 | Reached skill level 10 in Shields
 64446 | Vaults:3 | Found Tirisy Yryon's Antique Armour Boutique.
 64474 | Vaults:3 | Bought a translucent cloak for 275 gold pieces
 64474 | Vaults:3 | Identified the +0 cloak of Atass {Rampage rPois Str+4} (You
                  | bought it in a shop on level 3 of the Vaults)
 64491 | Vaults:3 | Paralysed by a sphinx for 4 turns
 64808 | Vaults:3 | Reached XP level 21. HP: 183/194 MP: 26/40
 65533 | Vaults:3 | Received a gift from Sif Muna
 65534 | Vaults:3 | Reached skill level 17 in Earth Magic
 65968 | Vaults:3 | Found Zaiquos's Antique Armour Shop.
 66182 | Vaults:4 | Reached skill level 18 in Earth Magic
 66708 | Vaults:4 | Found Ikhlyop's Weapon Shoppe.
 67000 | Vaults:4 | Reached skill level 19 in Earth Magic
 67082 | Vaults:4 | Identified the +8 plate armour of Faskulan {rPois Slay+3
                  | Stlth+}
 67966 | Crypt:1  | Entered Level 1 of the Crypt
 67979 | Crypt:1  | Learned a level 8 spell: Lehudib's Crystal Spear
 68173 | Crypt:1  | Identified Cipnevoz's Almanac of Elsewhere and the Shot
                  | (Sif Muna gifted it to you on level 1 of the Crypt)
 68173 | Crypt:1  | Received a gift from Sif Muna
 68319 | Crypt:1  | Identified the +5 ring mail of Disappointment {Fly rPois
                  | Stlth-}
 69338 | Crypt:1  | Noticed Vv
 69350 | Crypt:1  | Killed Vv
 70409 | Crypt:2  | Found a transporter.
 70435 | Crypt:2  | Found a transporter.
 70435 | Crypt:2  | Found a one-way gate to the infinite horrors of the Abyss.
 70435 | Crypt:2  | Noticed Osipn's ghost (veteran MiGl)
 70870 | Crypt:2  | Found a hide-covered altar of Uskayaw.
 70875 | Crypt:2  | Reached skill level 15 in Shields
 70879 | Crypt:2  | Identified Leihuen's Catalogue of the Destructive Grave
                  | (Sif Muna gifted it to you on level 2 of the Crypt)
 70879 | Crypt:2  | Received a gift from Sif Muna
 71083 | Crypt:2  | Noticed a profane servitor
 71089 | Crypt:2  | Killed a profane servitor
 71090 | Crypt:2  | Reached XP level 22. HP: 103/202 MP: 11/41
 71356 | Crypt:2  | Killed Osipn's ghost
 71533 | Crypt:2  | Identified the +10 battleaxe "Pibeth" {drain, Int+6}
 71548 | Crypt:2  | Identified the ring "Ufoeqi" {Wiz Drain rElec Str+3 Stlth+}
 71573 | Crypt:3  | Entered Level 3 of the Crypt
 71959 | Crypt:3  | Noticed Sojobo
 71967 | Crypt:3  | Killed Sojobo
 71975 | Crypt:3  | Reached skill level 20 in Earth Magic
 72268 | Crypt:3  | Found a basalt altar of Yredelemnul.
 72478 | Crypt:3  | Received a gift from Sif Muna
 72491 | Crypt:3  | Reached skill level 15 in Conjurations
 72655 | Crypt:3  | Noticed a dread lich
 72668 | Crypt:3  | Killed a dread lich
 73152 | Crypt:3  | Noticed Xtahua
 73163 | Crypt:3  | Killed Xtahua
 73582 | Crypt:3  | Found a staircase to the Tomb.
 73863 | Crypt:3  | Found the ring of the Tortoise {AC+8}
 74258 | Crypt:3  | Found the +8 Vampire's Tooth {megavamp}
 75442 | D:1      | Bought 2 scrolls of summoning for 228 gold pieces
 75442 | D:1      | Bought a scroll of enchant armour for 90 gold pieces
 75442 | D:1      | Bought a scroll of blinking for 90 gold pieces
 75458 | D:1      | Bought a potion of heal wounds for 65 gold pieces
 75458 | D:1      | Bought a potion of heal wounds for 65 gold pieces
 75711 | Depths:1 | Entered Level 1 of the Depths
 75729 | Depths:1 | Found a one-way gate leading to the halls of Pandemonium.
 75759 | Depths:1 | Received a gift from Sif Muna
 76406 | Depths:1 | Reached XP level 23. HP: 141/204 MP: 10/42
 76613 | Depths:1 | Got an uncut book
 76848 | Depths:1 | Found a gateway to Hell.
 77030 | Depths:1 | Identified the +2 leather armour of the Distant Future
                  | {Slay+2 Stlth+}
 77101 | Depths:1 | Found a sacrificial altar of Ru.
 77418 | Depths:2 | Identified Sif Muna's Lessons on Dusty Assaults (Sif Muna
                  | gifted it to you on level 2 of the Depths)
 77418 | Depths:2 | Identified Sif Muna's Book of Ruinous Exhumation (Sif Muna
                  | gifted it to you on level 2 of the Depths)
 77418 | Depths:2 | Identified Sif Muna's Tractate on Battle Magic (Sif Muna
                  | gifted it to you on level 2 of the Depths)
 77418 | Depths:2 | Received a gift from Sif Muna
 77628 | Depths:2 | Upgraded the game from 0.31-a0-840-g6d2ecbb to
                  | 0.31-a0-841-g038b102
 77645 | Depths:2 | Identified the ring "Gupy" {Contam rN+++ Will+ Dex+3 SInv}
 78389 | Depths:2 | Found a radiant altar of Vehumet.
 78609 | Depths:2 | Found a one-way gateway to a ziggurat.
 80605 | Depths:3 | Identified Sif Muna's Guidebook on Wild Frostbite (Sif Muna
                  | gifted it to you on level 3 of the Depths)
 80605 | Depths:3 | Received a gift from Sif Muna
 81577 | Depths:3 | Reached skill level 21 in Earth Magic
 82069 | Depths:3 | Found a snail-covered altar of Cheibriados.
 82952 | Depths:3 | Found the +8 whip "Snakebite" {venom, curare, rPois}
 83231 | Depths:4 | Entered Level 4 of the Depths
 83557 | Depths:4 | Reached XP level 24. HP: 198/216 MP: 28/42
 83638 | Depths:3 | Reached skill level 22 in Earth Magic
 84240 | Depths:4 | Found Ynaquaq's Weapon Shop.
 84391 | Depths:4 | Identified Sif Muna's Almanac of Adjuration and the
                  | Mausoleum (Sif Muna gifted it to you on level 4 of the
                  | Depths)
 84391 | Depths:4 | Identified Sif Muna's Precepts of the Chthonic Glacier (Sif
                  | Muna gifted it to you on level 4 of the Depths)
 84391 | Depths:4 | Received a gift from Sif Muna
 85177 | Depths:4 | Found a gate to the Realm of Zot.
 85624 | Vaults:5 | Entered Level 5 of the Vaults
 86076 | Vaults:5 | Reached skill level 23 in Earth Magic
 86198 | Vaults:5 | Identified the +7 broad axe of Premature Burial {protect,
                  | rC+ Dex+5}
 86198 | Vaults:5 | Identified the +1 scale mail "Vuicotz" {rPois}
 86618 | Vaults:5 | Identified the +8 whip of Leroryr {speed, rF+ rC+ Int+3}
 87110 | Vaults:5 | Noticed an ancient lich
 87144 | Vaults:5 | Killed an ancient lich
 87472 | Vaults:5 | Identified the staff "Miziop" {rElec rC+ Air}
 87473 | Vaults:5 | Identified the +9 quarterstaff of Ignis's Delight {flame,
                  | *Slow +Blink rF+}
 87782 | Vaults:5 | Reached skill level 24 in Earth Magic
 87925 | Vaults:5 | Identified Sif Muna's Dissertation on Charged Filth (Sif
                  | Muna gifted it to you on level 5 of the Vaults)
 87925 | Vaults:5 | Received a gift from Sif Muna
 88063 | Vaults:5 | Noticed a dread lich
 88065 | Vaults:5 | Killed a dread lich
 88292 | Vaults:5 | Identified the ring "Togit" {Ice Int+2}
 88624 | Vaults:5 | Noticed Jory
 88656 | Vaults:5 | Noticed an ancient lich
 88681 | Vaults:5 | Killed an ancient lich
 88682 | Vaults:5 | Reached skill level 25 in Earth Magic
 88834 | Vaults:5 | Killed Jory
 88913 | Vaults:5 | Identified Sif Muna's Atlas of Ghoulish Orientation (Sif
                  | Muna gifted it to you on level 5 of the Vaults)
 88913 | Vaults:5 | Identified Buciuq's Directory of the Impact (Sif Muna
                  | gifted it to you on level 5 of the Vaults)
 88913 | Vaults:5 | Received a gift from Sif Muna
 89115 | Vaults:5 | Reached XP level 25. HP: 224/224 MP: 22/42
 89868 | Vaults:5 | Got a silver rune of Zot
 90411 | D:1      | Bought a scroll of amnesia for 48 gold pieces
 90422 | D:1      | Learned a level 9 spell: Shatter
 90673 | Slime:1  | Entered Level 1 of the Pits of Slime
 91096 | Slime:1  | Gained mutation: You are weak. (Str -2) [a shining eye]
 92200 | Slime:3  | Identified Sif Muna's Codex of Entrancing Violence (Sif
                  | Muna gifted it to you on level 3 of the Pits of Slime)
 92200 | Slime:3  | Identified Sif Muna's Commentary on Open Graves and the
                  | Discharge (Sif Muna gifted it to you on level 3 of the Pits
                  | of Slime)
 92200 | Slime:3  | Identified Sif Muna's Incunable of Postmortem Points (Sif
                  | Muna gifted it to you on level 3 of the Pits of Slime)
 92200 | Slime:3  | Identified Sif Muna's Advanced Theurgy (Sif Muna gifted it
                  | to you on level 3 of the Pits of Slime)
 92200 | Slime:3  | Received a gift from Sif Muna
 93511 | Slime:5  | Entered Level 5 of the Pits of Slime
 93666 | Slime:5  | Gained mutation: Your magical capacity is low. (-10% MP) [a
                  | shining eye]
 93667 | Slime:5  | Gained mutation: You are clumsy. (Dex -2) [a shining eye]
 94238 | Slime:5  | Found a viscous altar of Jiyva.
 94290 | Slime:5  | Noticed the Royal Jelly
 94299 | Slime:5  | Killed the Royal Jelly
 94949 | Slime:5  | Got a slimy rune of Zot
 94986 | Slime:5  | Got a rare book
 95015 | Slime:5  | Got an upside-down book
 95022 | Slime:5  | Identified the ring "Secees" {rPois rC+}
 95663 | Lair:4   | Lost mutation: Your magical capacity is low. (-10% MP)
                  | [potion of mutation]
 95663 | Lair:4   | Lost mutation: You are weak. (Str -2) [potion of mutation]
 95663 | Lair:4   | Lost mutation: You are clumsy. (Dex -2) [potion of
                  | mutation]
 95663 | Lair:4   | Gained mutation: You are weak. (Str -2) [potion of
                  | mutation]
 95663 | Lair:4   | Gained mutation: You are vulnerable to heat. (rF-) [potion
                  | of mutation]
 95664 | Lair:4   | Lost mutation: You are weak. (Str -2) [potion of mutation]
 95664 | Lair:4   | Lost mutation: You are vulnerable to heat. (rF-) [potion of
                  | mutation]
 95664 | Lair:4   | Gained mutation: Your muscles are strong. (Str +4, Int/Dex
                  | -1) [potion of mutation]
 95664 | Lair:4   | Gained mutation: Your body sometimes deteriorates upon
                  | taking damage. [potion of mutation]
 95665 | Lair:4   | Lost mutation: Your muscles are strong. (Str +4, Int/Dex
                  | -1) [potion of mutation]
 95665 | Lair:4   | Lost mutation: Your body sometimes deteriorates upon taking
                  | damage. [potion of mutation]
 95665 | Lair:4   | Gained mutation: You occasionally lose the ability to drink
                  | potions when taking damage. [potion of mutation]
 95665 | Lair:4   | Gained mutation: You are frail. (-10% HP) [potion of
                  | mutation]
 95666 | Lair:4   | Lost mutation: You occasionally lose the ability to drink
                  | potions when taking damage. [potion of mutation]
 95666 | Lair:4   | Lost mutation: You are frail. (-10% HP) [potion of
                  | mutation]
 95666 | Lair:4   | Gained mutation: You are agile. (Dex +4, Str/Int -1)
                  | [potion of mutation]
 95666 | Lair:4   | Gained mutation: You are very agile. (Dex +8, Str/Int -2)
                  | [potion of mutation]
 95666 | Lair:4   | Gained mutation: You are frail. (-10% HP) [potion of
                  | mutation]
 95667 | Lair:4   | Lost mutation: You are very agile. (Dex +8, Str/Int -2)
                  | [potion of mutation]
 95667 | Lair:4   | Lost mutation: You are agile. (Dex +4, Str/Int -1) [potion
                  | of mutation]
 95667 | Lair:4   | Gained mutation: You occasionally lose the ability to drink
                  | potions when taking damage. [potion of mutation]
 95667 | Lair:4   | Gained mutation: You are somewhat resistant to further
                  | mutation. [potion of mutation]
 95667 | Lair:4   | Gained mutation: Your tail ends in a venomous barb. [potion
                  | of mutation]
 95668 | Lair:4   | Lost mutation: You are frail. (-10% HP) [potion of
                  | mutation]
 95668 | Lair:4   | Lost mutation: Your tail ends in a venomous barb. [potion
                  | of mutation]
 95668 | Lair:4   | Gained mutation: You are frail. (-10% HP) [potion of
                  | mutation]
 95668 | Lair:4   | Lost mutation: You are frail. (-10% HP) [potion of
                  | mutation]
 95669 | Lair:4   | Lost mutation: You occasionally lose the ability to drink
                  | potions when taking damage. [potion of mutation]
 95669 | Lair:4   | Lost mutation: You are somewhat resistant to further
                  | mutation. [potion of mutation]
 95669 | Lair:4   | Gained mutation: Your spells are a little harder to cast,
                  | but a little more powerful. [potion of mutation]
 95669 | Lair:4   | Gained mutation: You expend magic power (3 MP) to
                  | strengthen your wands. [potion of mutation]
 95669 | Lair:4   | Gained mutation: You have an increased reservoir of magic.
                  | (+10% MP) [potion of mutation]
 95669 | Lair:4   | Gained mutation: Your mind is acute. (Int +4, Str/Dex -1)
                  | [potion of mutation]
 96127 | Crypt:2  | Voluntarily entered the Abyss.
 96167 | Abyss:2  | Found a corrupted altar of Lugonu.
 96205 | Abyss:2  | Found a corrupted altar of Lugonu.
 96213 | Abyss:3  | Found a hide-covered altar of Uskayaw.
 96415 | Abyss:3  | Noticed a dread lich
 96420 | Abyss:3  | Killed a dread lich
 96423 | Crypt:2  | Escaped the Abyss
 96596 | Crypt:2  | Voluntarily entered the Abyss.
 96596 | Abyss:3  | Found a candlelit altar of Ignis.
 96647 | Abyss:3  | Found a candlelit altar of Ignis.
 96712 | Abyss:3  | Found a corrupted altar of Lugonu.
 96777 | Crypt:2  | Escaped the Abyss
 97285 | Zot:1    | Entered Level 1 of the Realm of Zot
 97508 | Zot:1    | Identified Sif Muna's Codex of Weather and the Grave (Sif
                  | Muna gifted it to you on level 1 of the Realm of Zot)
 97508 | Zot:1    | Identified Sif Muna's Information on Scree and Illusion
                  | (Sif Muna gifted it to you on level 1 of the Realm of Zot)
 97508 | Zot:1    | Received a gift from Sif Muna
 97740 | Zot:1    | Reached XP level 26. HP: 214/222 MP: 9/49
102776 | Zot:3    | Identified Sif Muna's Elucidation of Familiar Wounds (Sif
                  | Muna gifted it to you on level 3 of the Realm of Zot)
102776 | Zot:3    | Received a gift from Sif Muna
104886 | Zot:4    | Reached XP level 27. HP: 193/261 MP: 10/51
105147 | Zot:4    | Identified Sif Muna's Enchiridion on Violent Charms (Sif
                  | Muna gifted it to you on level 4 of the Realm of Zot)
105147 | Zot:4    | Identified Sodghah's Octavo of Conjured Talus (Sif Muna
                  | gifted it to you on level 4 of the Realm of Zot)
105147 | Zot:4    | Identified Vopejyul's Opusculum on the Dynamic Band (Sif
                  | Muna gifted it to you on level 4 of the Realm of Zot)
105147 | Zot:4    | Received a gift from Sif Muna
106733 | Zot:5    | Entered Level 5 of the Realm of Zot
107107 | Zot:5    | Noticed an orb of fire
107114 | Zot:5    | Gained mutation: Your tail ends in a venomous barb. [an orb
                  | of fire]
107116 | Zot:5    | Gained mutation: You occasionally shout uncontrollably at
                  | your foes. [an orb of fire]
107117 | Zot:5    | Killed an orb of fire
107346 | Zot:5    | Noticed a dread lich
107348 | Zot:5    | Killed a dread lich
108040 | Zot:5    | Noticed a dread lich
108043 | Zot:5    | Killed a dread lich
108176 | Zot:5    | Noticed an orb of fire
108280 | Zot:5    | Gained mutation: You are occasionally teleported next to
                  | monsters. [an orb of fire]
108281 | Zot:5    | Killed an orb of fire
108282 | Zot:5    | Lost mutation: Your mind is acute. (Int +4, Str/Dex -1)
                  | [potion of mutation]
108282 | Zot:5    | Lost mutation: Your tail ends in a venomous barb. [potion
                  | of mutation]
108282 | Zot:5    | Gained mutation: Your tail ends in a venomous barb. [potion
                  | of mutation]
108282 | Zot:5    | Gained mutation: Your flesh is heat resistant. (rF+)
                  | [potion of mutation]
108283 | Zot:5    | Lost mutation: You have an increased reservoir of magic.
                  | (+10% MP) [potion of mutation]
108283 | Zot:5    | Lost mutation: You occasionally shout uncontrollably at
                  | your foes. [potion of mutation]
108283 | Zot:5    | Gained mutation: You possess an exceptional clarity of
                  | mind. [potion of mutation]
108283 | Zot:5    | Gained mutation: You are agile. (Dex +4, Str/Int -1)
                  | [potion of mutation]
108284 | Zot:5    | Lost mutation: Your flesh is heat resistant. (rF+) [potion
                  | of mutation]
108284 | Zot:5    | Lost mutation: Your tail ends in a venomous barb. [potion
                  | of mutation]
108284 | Zot:5    | Gained mutation: You are very agile. (Dex +8, Str/Int -2)
                  | [potion of mutation]
108284 | Zot:5    | Gained mutation: You occasionally lose the ability to read
                  | scrolls when taking damage. [potion of mutation]
108284 | Zot:5    | Gained mutation: You are often teleported next to monsters.
                  | [potion of mutation]
108285 | Zot:5    | Lost mutation: You occasionally lose the ability to read
                  | scrolls when taking damage. [potion of mutation]
108285 | Zot:5    | Lost mutation: You possess an exceptional clarity of mind.
                  | [potion of mutation]
108285 | Zot:5    | Gained mutation: You have a pair of small horns on your
                  | head. [potion of mutation]
108286 | Zot:5    | Lost mutation: You are very agile. (Dex +8, Str/Int -2)
                  | [potion of mutation]
108286 | Zot:5    | Lost mutation: Your spells are a little harder to cast, but
                  | a little more powerful. [potion of mutation]
108286 | Zot:5    | Gained mutation: Your spells are a little easier to cast,
                  | but a little less powerful. [potion of mutation]
108286 | Zot:5    | Gained mutation: Your muscles are strong. (Str +4, Int/Dex
                  | -1) [potion of mutation]
108286 | Zot:5    | Gained mutation: You have sharp toenails. [potion of
                  | mutation]
108527 | Zot:5    | Noticed an orb of fire
108527 | Zot:5    | Noticed a dread lich
108527 | Zot:5    | Noticed an ancient lich
108531 | Zot:5    | Killed an ancient lich
108540 | Zot:5    | Got the Orb of Zot
108544 | Zot:5    | Noticed an orb of fire
108549 | Zot:5    | Noticed an orb of fire
108549 | Zot:5    | Noticed an orb of fire
108549 | Zot:5    | Noticed a dread lich
108549 | Zot:5    | Gained mutation: You have hidden genetic defects. [an orb
                  | of fire]
108560 | Zot:4    | Noticed Vutatut the pandemonium lord
109109 | D:3      | Noticed a seraph
109174 | D:$      | Escaped with the Orb!

Illustrated notes

Levels and vault maps discovered:
D:1:      enne_arrival_octagon_isle, layout_rooms, serial_shops, shop,
          nicolae_shop_industrial_runoff, shop, nicolae_shop_just_a_little_nook,
          basic_ecumenical_altar
D:2:      layout_basic, serial_corexii_hall, corexii_hall_statues_i,
          corexii_hall_statues_x, corexii_hall_statues_t,
          chequers_hall_statues_corner_a, chequers_hall_statues_wall_a,
          corexii_hall_statues_i, uniq_robin
D:3:      layout_rooms, mainiacjoe_overflow_alcove_4,
          gammafunk_temple_overflow_elements, minmay_misc_feat_columns
D:4:      layout_basic, minmay_temple_entry_sparse_star, grunt_ministairs_2,
          nicolae_twisty_statue_hallways, uniq_natasha
D:5:      layout_gridville
D:6:      layout_gridville, mainiacjoe_overflow_small_starburst, serial_shops,
          nicolae_shop_waterfront, nicolae_nh_ransacked_shop
D:7:      layout_basic, mainiacjoe_overflow_catwalk, uniq_crazy_yiuf_cottage,
          uniq_duvessa
D:8:      minmay_chambers_of_sixes, layout_loops_ring, kennysheep_little_box,
          mainiacjoe_overflow_paths, dancing_weapons_uskayaw,
          roderic_roman_lattice, uniq_pikel, uniq_psyche
D:9:      layout_small_grid, overflow_temple_1_default, enter_bailey_5,
          serial_shops, shop, uniq_harold, uniq_gastronok
D:10:     layout_rooms, mainiacjoe_overflow_boulevard, tso_metal_star,
          erik_lair_orcish_takeover, corexii_leaking_fountain, uniq_grum
D:11:     layout_big_octagon, kiku_gazebo_garden_becter
D:12:     dreamdust_wu_jian_sword_trials, layout_basic,
          minmay_orc_entry_guard_dogs, serial_shops, shop_fountains,
          uniq_erolcha
D:13:     layout_loops_ring, david_vaults_3, nicolae_yredelemnul_corpse_copse
D:14:     layout_layer_cave
D:15:     hangedman_depths_entry_try_elsewhere_first, layout_basic,
          ebering_ghost_gozag, minmay_shop_grid_forest
Temple:   nicolae_temple_ecumenical_triangle
Lair:1:   layout_layer_cave, gammafunk_ghost_hydra_chop, serial_bayou_pond_a,
          nicolae_lair_run_with_the_wolves, serial_bayou_shore_a
Lair:2:   layout_layer_cave, swamp_mist, uniq_erica, uniq_urug
Lair:3:   layout_regular_city, minmay_snake_entry_guardpost_small, uniq_nessos
Lair:4:   layout_cave_pods, nicolae_slime_entry_slimehenge
Lair:5:   minmay_lair_end_frog_pond, layout_loops_ring,
          nicolae_volcano_entry_lava_flow
Swamp:1:  nicolae_swamp_long_stream, layout_basic_swamp,
          evilmike_swamp_ruin_house_1, swamp_pool1
Swamp:2:  layout_falls_marsh, nicolae_swamp_oxbows, nicolae_swamp_trees_clearing
Swamp:3:  layout_basic_swamp, infiniplex_staircase_pool, swamp_pool5,
          nicolae_swamp_super_fun_site, uniq_louise
Swamp:4:  swamp_alternative, layout_basic_swamp
Snake:1:  layout_basic, uniq_aizul
Snake:2:  layout_layer_cave, minmay_shop_star, uniq_kirke, uniq_donald
Snake:3:  layout_cave_town, st_stairs_13, grunt_megastairs_2, uniq_vashnia
Snake:4:  grunt_snake_rune_pools, layout_cave_town,
          minmay_shop_enchanted_jewellery, nicolae_shop_clearance
Slime:1:  layout_caves
Slime:2:  layout_caves
Slime:3:  layout_caves
Slime:4:  layout_caves
Slime:5:  slime_pit_nicolae_jellycorners
Orc:1:    layout_caves, serial_shops, nicolae_shop_window_shopping, uniq_jorgrun
Orc:2:    st_orc_open, layout_caves
Elf:1:    nicolae_elf_arrival_aired_out, layout_gridlike, serial_shops, shop,
          hangedman_elven_crosses_minicolossus, st_stairs_2,
          minmay_misc_feat_five
Elf:2:    nicolae_elf_blades_splatter_lattice [nicolae_blade_tridents],
          layout_geoelf_diagonals, serial_shops,
          nicolae_shop_pleasant_corner_grove, nicolae_shop_mannequins,
          lemuel_flamethrower_2
Elf:3:    elf_hall, layout_geoelf_octagon, roderic_lattice_octagonal_star
Vaults:1: nicolae_vaults_offset_grid_hallway_3,
          nicolae_vaults_storing_the_good_stuff,
          nicolae_vaults_ring_of_whatevers, nicolae_vaults_sightless_eye,
          nicolae_vaults_two_Ls, nicolae_vaults_puzzle_piece, v_misc_1,
          vaults_standard_mumra_x, nicolae_vaults_storage_room_doors, v_misc_11,
          nicolae_vaults_trapezoid_2, v_misc_24, layout_vaults_big_cross
Vaults:2: nicolae_vaults_variable_pillar_hall, hangedman_vaults_corner,
          nicolae_vaults_trapezoid_lopsided_1, minmay_crypt_entry_necro_gods,
          hangedman_vaults_cutoff, v_misc_33, ontoclasm_vaults_eye, v_misc_17,
          nicolae_vaults_closet_pinwheel_3, v_misc_22, vaults_dpeg_doors,
          nicolae_vaults_trapezoid_lopsided_1, nicolae_vaults_hexular_roomagon,
          nicolae_vaults_more_shelving_1, vaults_room_grid,
          layout_vaults_omnibox, nicolae_trove_entry_columns, serial_shops,
          nicolae_shop_pleasant_corner_grove, uniq_zenata, uniq_frederick
Vaults:3: v_misc_23, v_misc_15, vaults_room_stairs_pillars,
          nicolae_vaults_storage_closets_1, v_rooms_1, vaults_mumra_hexcomb,
          nicolae_vaults_apartment_1, ontoclasm_vaults_ring_small, v_misc_30,
          vaults_room_grid, vaults_room_mumra_shop_pool, hangedman_vaults_snaps,
          v_misc_25, nicolae_vaults_wrenched, nicolae_vaults_angled_halls,
          grunt_vaults_hallway_short, layout_vaults_ring, serial_shops,
          nicolae_shop_overgrown_old_shop
Vaults:4: nicolae_vaults_taking_the_gang_shopping, nicolae_vaults_tetromino_T_2,
          nicolae_vaults_tetromino_T_2, nicolae_vaults_more_shelving_2,
          v_misc_30, nicolae_vaults_asterisk, vaults_room_octagon,
          nicolae_vaults_tetromino_L_2, vaults_room_fours,
          nicolae_vaults_ninety_degrees, layout_vaults_maze_snakey
Vaults:5: uniq_jory
Crypt:1:  layout_misc_corridors, palyth_stone_intersect,
          grunt_crypt_arrival_webbed, grunt_megastairs_3, uniq_vv
Crypt:2:  layout_rooms, gammafunk_ghost_abyssal_escape, nicolae_danse_macabre,
          lemuel_elevator
Crypt:3:  church_of_pain_bobbens, layout_chaotic_city, tomb_entry_shell_bobbens,
          uniq_xtahua, uniq_sojobo
Depths:1: layout_roguey, hellmouth_3, grunt_pan_entry_sceptre, special_room
          [special_room_magic_class], hex_tiny, nicolae_ru_awakened_eye
Depths:2: cheibrodos_birdhouse, layout_honeycomb, enter_ziggurat_f,
          pf_hell_entry_tar_river, abyss_entry, rand_demon_pan_entry_3,
          lemuel_doored_altar, minmay_misc_feat_doors, minmay_staircase_statues
Depths:3: pf_snail_temple, layout_small_grid, abyss_entry_crystal, hellmouth_2,
          minmay_staircase_windowed_large
Depths:4: grunt_zot_entry_bicorn, layout_cave_pools, abyss_entry,
          grunt_decor_mini_mirrors, hell_entry, serial_shops, shop
Zot:1:    infiniplex_zot_generator, layout_misc_corridors
Zot:2:    layout_basic
Zot:3:    lemuel_halls_of_wrath, layout_basic, grunt_ministairs_1, st_stairs_1,
          st_small_dragon_hoard_1
Zot:4:    grunt_twist_and_shout, layout_onion_interference, grunt_ministairs_3
Zot:5:    layout_misc_corridors, lemuel_golem_globe

Skill      XL: |  1  2  3  4  5  6  7  8  9 10 11 12 13 14 15 16 17 18 19 20 21 22 23 24 25 26 27 |
---------------+----------------------------------------------------------------------------------+-----
Fighting       | 1 2 4 5 6 7 9 11 12 15 17 18 20 24 | 24.0
Spellcasting   | 3 5 6 9 12 14 15 18 19 23 | 23.5
Earth Magic    | 4 6 8 10 11 14 16 19 20 21 25 | 25.9
Conjurations   | 2 4 6 8 10 14 17 20 | 20.0
Invocations    | 1 3 6 9 10 14 16 | 16.0
Dodging        | 4 8 12 | 12.0
Necromancy     | 8 10 13 14 | 14.0
Translocations | 6 8 |  8.0
Shields        | 11 15 16 | 16.0
Stealth        | |  1.7
Transmutations | |  1.0

Action                     |  1- 3 |  4- 6 |  7- 9 | 10-12 | 13-15 | 16-18 | 19-21 | 22-24 | 25-27 || total
---------------------------+-------+-------+-------+-------+-------+-------+-------+-------+-------++-------
  Melee: Short sword       |    11 |       |       |       |       |       |       |       |       ||    11
         Tailslap          |     1 |       |     4 |    25 |    52 |     4 |    11 |     9 |     7 ||   113
         Staff             |       |     5 |    19 |   129 |   189 |    33 |    25 |    32 |    16 ||   448
         Punch             |       |       |       |     1 |     3 |     1 |       |       |       ||     5
         Unarmed           |       |       |       |       |       |       |       |     1 |       ||     1
   Cast: Sandblast         |    62 |    78 |    79 |     7 |     8 |     5 |       |       |       ||   239
         Stone Arrow       |       |       |    84 |   343 |   451 |   576 |    20 |    28 |     9 ||  1511
         Borgnjor's Vile C |       |       |       |       |    36 |   294 |   145 |    40 |    26 ||   541
         Brom's Barrelling |       |       |       |       |     2 |     1 |       |       |       ||     3
         Dispel Undead     |       |       |       |       |    29 |    42 |    89 |   169 |     2 ||   331
         Bombard           |       |       |       |       |       |   199 |   474 |   404 |    36 ||  1113
         Sublimation of Bl |       |       |       |       |       |    30 |   105 |   118 |    96 ||   349
         Blink             |       |       |       |       |       |     1 |     5 |     3 |     1 ||    10
         Lee's Rapid Decon |       |       |       |       |       |       |    91 |   145 |    39 ||   275
         Iskenderun's Myst |       |       |       |       |       |       |   107 |    38 |   108 ||   253
         Irradiate         |       |       |       |       |       |       |    23 |    10 |    15 ||    48
         Death Channel     |       |       |       |       |       |       |     1 |     1 |       ||     2
         Fire Storm        |       |       |       |       |       |       |     1 |       |       ||     1
         Lehudib's Crystal |       |       |       |       |       |       |       |   178 |   159 ||   337
         Shatter           |       |       |       |       |       |       |       |       |   499 ||   499
         Maxwell's Capacit |       |       |       |       |       |       |       |       |     1 ||     1
 Invoke: Channel Magic     |       |       |       |     2 |     7 |    14 |     3 |     6 |     5 ||    37
         Divine Exegesis   |       |       |       |       |       |       |     1 |       |     1 ||     2
Ability: Breathe Dispellin |       |       |     1 |     7 |     1 |     1 |       |     1 |       ||    11
  Evoke: Wand              |       |       |       |     1 |     2 |       |       |       |     2 ||     5
    Use: Potion            |       |     2 |       |       |     3 |    13 |     1 |     3 |    25 ||    47
         Scroll            |       |       |     5 |    10 |    11 |     7 |     8 |     5 |    14 ||    60
   Stab: Sleeping          |     1 |       |       |       |       |       |       |       |       ||     1
         Invisible         |       |       |       |       |       |       |     1 |       |       ||     1
 Armour: Skin              |    13 |    36 |    92 |   258 |   372 |   682 |   405 |   394 |   373 ||  2625
  Dodge: Dodged            |    24 |    34 |    50 |   296 |   813 |   533 |   374 |   275 |   238 ||  2637
  Block: Kite shield       |       |       |       |       |       |       |   211 |   414 |   265 ||   890
         Reflection        |       |       |       |       |       |       |    27 |    29 |    11 ||    67

Table legend: (Time is in decaauts)
 A = Elapsed time spent in this place.
 B = Non-inter-level travel time spent in this place.
 C = Inter-level travel time spent in this place.
 D = Time resting spent in this place.
 E = Time spent auto-exploring this place.
 F = Levels seen in this place.
 G = Mean time per level.
                   A        B        C        D        E       F      G
               +--------+--------+--------+--------+--------+-----+--------+
         Total | 109906 | 102239 |   7667 |  25690 |  62385 |  62 | 1772.7 |
       Dungeon |  24357 |  21358 |   2999 |   3390 |  15174 |  15 | 1623.8 |
        Temple |     54 |     44 |     10 |      0 |     35 |   1 |   54.0 |
          Lair |  10915 |   9663 |   1252 |   1566 |   6907 |   5 | 2183.0 |
         Swamp |   5318 |   5168 |    150 |   1090 |   3268 |   4 | 1329.5 |
     Snake Pit |  10142 |   9718 |    424 |   2415 |   6164 |   4 | 2535.5 |
    Slime Pits |   4926 |   4692 |    234 |   2195 |   2011 |   5 |  985.2 |
  Orcish Mines |   1810 |   1584 |    226 |    219 |    993 |   2 |  905.0 |
   Elven Halls |   6523 |   6110 |    413 |   1595 |   3681 |   3 | 2174.3 |
        Vaults |  15895 |  15013 |    882 |   3038 |   9880 |   5 | 3179.0 |
         Crypt |   7289 |   6852 |    437 |   1661 |   4176 |   3 | 2429.7 |
        Depths |  10221 |   9772 |    449 |   2836 |   5674 |   4 | 2555.2 |
           Zot |  10769 |  10584 |    185 |   5134 |   4219 |   5 | 2153.8 |
         Abyss |    482 |    482 |      0 |     13 |      3 |   4 |  120.5 |
        Bailey |    427 |    427 |      0 |     71 |    166 |   1 |  427.0 |
       Volcano |    770 |    770 |      0 |    466 |     30 |   1 |  770.0 |
               +--------+--------+--------+--------+--------+-----+--------+

Top non-repeatable levels by time:
Depths:3: 4981 daAuts
Vaults:5: 4465 daAuts
Vaults:1: 4163 daAuts
 Snake:4: 3796 daAuts
   Zot:1: 3160 daAuts
    D:15: 2795 daAuts
Vaults:3: 2750 daAuts
Vaults:2: 2664 daAuts
 Crypt:3: 2612 daAuts
   Elf:2: 2586 daAuts
     D:9: 2528 daAuts
  Lair:4: 2506 daAuts
 Snake:2: 2426 daAuts
  Lair:2: 2425 daAuts
 Crypt:1: 2392 daAuts
